Cogmind - Beta 13 *** ADVENTURER MODE // 2024.04.13 @ 23:02:30 Player: core_nxt Result: Establishing Free Derelict Territories! Performance ------------- Evolutions (9) 4500 Regions Visited (53) 10600 Robots Destroyed (1698) 8490 Value Destroyed (95322) 95322 Prototype IDs (318) 6360 Alien Tech Used (8) 1600 Bonus (62384) 62384 TOTAL SCORE: 189256 Bonus ------- High Alert Combat Kills 24518 Follower Combat Kills 2674 Entered Garrisons 2600 Entered DSFs 500 Met Imprinter 300 Destroyed Z-Imprinter 1000 Triggered Deep Caves Wall 500 Exposed GOLEM Chamber 500 Acquired ECA 300 Met Warlord at Base 500 MAIN.C Attacked Warlord 500 Warlord Defense Kills 2190 Met Warlord at Research 2000 Destroyed MAIN.C Guards 500 Met MAIN.C 5000 Destroyed MAIN.C Shell 5000 Destroyed MAIN.C 10000 Met Warlord at Command 2000 Win 3000 Friendly Fire -1198 Cogmind --------- Core Integrity 1444/1600 Matter 270/300 Energy 2100/2100 System Corruption 1% Temperature Cool (0) Movement Walking (105) Location Free Derelict Territories Parts ------- > --- POWER (2) -------- Assembled Flux Generator > --- PROPULSION (4) --- Assembled Alloy Leg Assembled Alloy Leg Centrium Leg Experimental Biometal Leg > --- UTILITY (16) ----- High-capacity Storage Unit Assembled Biocell Array Assembled Biocell Array Assembled Suspension Frame Assembled Metafiber Network Advanced Signal Interpreter Assembled Combat Suite Experimental Transmission Jammer Experimental Utility Shielding Assembled Alloy Armor Heavy Regenerative Plating Phase Armor GOLEM Unit > --- WEAPON (4) ------- Enhanced Quantum Rifle Enhanced Quantum Rifle Enhanced Quantum Rifle Guided Remote Datajack > --- INVENTORY (25) --- Matter Drive Makeshift Trap Scanner Advanced Shield Generator Antimissile System Antimissile System Antimissile System Transdimensional Reconstructor Transdimensional Reconstructor Transdimensional Reconstructor Core Regenerator Core Reset Matrix Subatomic Replicator Terrabomb Terrabomb Microwarp Drive LRC Energy Well Enhanced Quantum Rifle Enhanced Quantum Rifle Enhanced Quantum Rifle Enhanced Quantum Rifle Enhanced Quantum Rifle Latent Energy Streamer Multitool Peak State ------------ > --- POWER ------------ Assembled Flux Generator > --- PROPULSION ------- Assembled Alloy Leg Assembled Alloy Leg Centrium Leg Experimental Biometal Leg > --- UTILITY ---------- High-capacity Storage Unit Assembled Biocell Array Assembled Biocell Array Assembled Suspension Frame Assembled Metafiber Network Advanced Signal Interpreter Assembled Combat Suite Experimental Transmission Jammer Experimental Utility Shielding Assembled Alloy Armor Heavy Regenerative Plating Phase Armor GOLEM Unit > --- WEAPON ----------- Enhanced Quantum Rifle Enhanced Quantum Rifle Enhanced Quantum Rifle Guided Remote Datajack > --- INVENTORY -------- Matter Drive Makeshift Trap Scanner Advanced Shield Generator Antimissile System Antimissile System Antimissile System Transdimensional Reconstructor Transdimensional Reconstructor Transdimensional Reconstructor Core Regenerator Core Reset Matrix Subatomic Replicator Terrabomb Terrabomb Microwarp Drive LRC Energy Well Enhanced Quantum Rifle Enhanced Quantum Rifle Enhanced Quantum Rifle Enhanced Quantum Rifle Enhanced Quantum Rifle Latent Energy Streamer Multitool [Rating: 253] Favorites ----------- Power Assembled Flux Generator Engine Reinforced Deuterium Engine Power Core Enhanced Fission Core Reactor Assembled Flux Generator Propulsion Assembled Alloy Leg Treads Spiked Treads Leg Assembled Alloy Leg Wheel Subdweller Monowheel Flight Unit Cooled Cesium-ion Thruster Utility High-capacity Storage Unit Device Assembled Nanovents Storage High-capacity Storage Unit Processor Advanced Signal Interpreter Hackware Authchip [Device] Protection Assembled Alloy Armor Artifact Phase Armor Weapon Assembled Focal Cannon Energy Gun Enhanced Quantum Rifle Energy Cannon Assembled Focal Cannon Ballistic Gun Enhanced Autogun Ballistic Cannon Compact Linear Accelerator Launcher Scatter Rocket Array Special Weapon Guided Remote Datajack Impact Weapon Thunder Hammer Slashing Weapon Chainsword Piercing Weapon Plasma Lance Special Melee Weapon Dirty Datajack Build | -11 -10 -10 -8 -8 -8 -8 -7 -7 -7 -7 -7 -7 -7 -7 -7 -6 -6 -6 -6 -6 -6 -6 -6 -6 -6 -6 -5 -5 -5 -5 -5 -5 -4 -4 -4 -4 -4 -4 -4 -4 -4 -4 -4 -4 -4 -3 -3 -2 -2 -2 -2 -1 -1 ------- Run | Yrd Mat Sub Mat Gar Mat Gar Fac Gar Fac Gar Fac Low Low Zio Dee Pro Fac Was Fac Gar Fac Gar Fac Gar Fac Gar Fac Was Fac Upp Upp War Pro Fac Was Fac Gar Fac Gar Fac Gar Fac Gar Fac DSF Res Tes Res Qua Sec Gar Acc Com Slots Evolved 17 | . . . 4 . . . 2 . . . . . . . . . 2 . . . . . . . . . 2 . . . . . . 2 . . . . . . . . . . . 2 . 2 . . . 1 . Power . | . . . . . . . . . . . . . . . . . . . . . . . . . . . . . . . . . . 1 . . . . . . . . . . . . . . . . . -1 . Propulsion 2 | . . . 1 . . . . . . . . . . . . . . . . . . . . . . . 1 . . . . . . . . . . . . . . . . . . . . . . . . . . Utility 14 | . . . 3 . . . 2 . . . . . . . . . 2 . . . . . . . . . 1 . . . . . . 1 . . . . . . . . . . . 2 . 2 . . . 1 . Weapon 1 | . . . . . . . . . . . . . . . . . . . . . . . . . . . . . . . . . . . . . . . . . . . . . . . . . . . . 1 . Parts Attached 489 | . 2 24 20 22 11 19 12 4 22 2 . 3 3 4 30 6 34 1 25 5 15 8 6 14 14 9 2 2 7 7 . 3 . 10 1 14 3 2 6 4 2 9 6 . 4 3 23 4 7 16 8 20 11 Power 57 | . . 3 3 3 1 2 . 1 2 . . . . . 4 . 3 . 1 . 3 2 . 3 2 2 . . 1 1 . . . 2 1 2 2 . 2 1 1 3 1 . 1 . 3 . . 1 . . . Engine 19 | . . 3 2 3 . 2 . 1 . . . . . . . . . . . . . . . 1 1 1 . . 1 1 . . . 2 . . . . . . . . 1 . . . . . . . . . . Core 10 | . . . 1 . 1 . . . 1 . . . . . 1 . 2 . . . . . . 1 1 . . . . . . . . . . . 1 . . . . . . . 1 . . . . . . . . Reactor 28 | . . . . . . . . . 1 . . . . . 3 . 1 . 1 . 3 2 . 1 . 1 . . . . . . . . 1 2 1 . 2 1 1 3 . . . . 3 . . 1 . . . Propulsion 56 | . . 10 2 . 2 . . . 6 . . . . . 2 . 2 . 1 . 1 . . . 1 . 1 . 1 1 . . . 1 . . . . 3 . 1 3 1 . . 3 9 . . 2 2 1 . Treads 2 | . . 2 . . . . . . . . . . . . . . . . . . . . . . . . . . . . . . . . . . . . . . . . . . . . . . . . . . . Leg 46 | . . 1 2 . 2 . . . 5 . . . . . 2 . 2 . 1 . 1 . . . 1 . 1 . 1 1 . . . 1 . . . . 3 . 1 3 1 . . 3 9 . . 2 2 1 . Wheel 7 | . . 7 . . . . . . . . . . . . . . . . . . . . . . . . . . . . . . . . . . . . . . . . . . . . . . . . . . . Hover . | . . . . . . . . . . . . . . . . . . . . . . . . . . . . . . . . . . . . . . . . . . . . . . . . . . . . . . Flight 1 | . . . . . . . . . 1 . . . . . . . . . . . . . . . . . . . . . . . . . . . . . . . . . . . . . . . . . . . . Utility 182 | . . 4 5 5 3 5 8 1 5 . . 3 1 4 15 . 15 1 12 1 5 2 1 1 3 4 1 2 1 5 . . . 6 . 10 1 1 1 2 . 1 4 . 1 . 8 2 5 6 4 12 5 Device 105 | . . 1 2 2 1 3 2 1 1 . . 2 . 4 7 . 7 1 7 1 3 2 . 1 2 3 . 2 1 4 . . . 5 . 7 1 1 1 2 . 1 4 . 1 . 4 2 4 4 2 4 2 Storage 10 | . . 1 . . . . 1 . . . . . . . 1 . 1 . . . . . . . . 1 . . . 1 . . . 1 . 1 . . . . . . . . . . . . 1 . . 1 . Processor 11 | . . . . 1 1 . . . . . . . . . . . 4 . 1 . 1 . . . 1 . 1 . . . . . . . . 1 . . . . . . . . . . . . . . . . . Hackware 8 | . . . . . . . . . 1 . . . 1 . . . 1 . . . . . . . . . . . . . . . . . . . . . . . . . . . . . 4 . . . 1 . . Protection 41 | . . 2 3 2 1 2 5 . 3 . . 1 . . 7 . 2 . 4 . 1 . 1 . . . . . . . . . . . . 1 . . . . . . . . . . . . . . . 5 1 Artifact 7 | . . . . . . . . . . . . . . . . . . . . . . . . . . . . . . . . . . . . . . . . . . . . . . . . . . 2 1 2 2 Weapon 194 | . 2 7 10 14 5 12 4 2 9 2 . . 2 . 9 6 14 . 11 4 6 4 5 10 8 3 . . 4 . . 3 . 1 . 2 . 1 . 1 . 2 . . 2 . 3 2 2 7 2 7 6 Energy Gun 49 | . . 3 6 12 4 1 . . 1 . . . . . 3 . . . 1 . . . . 2 2 . . . . . . 2 . . . 1 . . . . . . . . . . . . . . 1 6 4 Energy Cannon 31 | . 2 3 . . . . . . 1 . . . . . 1 . 4 . 6 3 2 2 . 2 3 . . . . . . . . . . . . . . 1 . . . . . . 1 . . . . . . Ballistic Gun 33 | . . 1 . . . 3 3 1 5 1 . . 1 . 4 1 6 . . . . . . 2 1 1 . . . . . 1 . . . . . . . . . . . . 2 . . . . . . . . Ballistic Cannon 4 | . . . . . . . . . . . . . . . . . . . . . . . 1 2 . . . . . . . . . 1 . . . . . . . . . . . . . . . . . . . Launcher 7 | . . . . . . 1 . . 1 . . . . . . 4 . . . . . . . 1 . . . . . . . . . . . . . . . . . . . . . . . . . . . . . Special Weapon 31 | . . . 2 . 1 . . . . . . . . . . . 3 . 2 . 2 1 2 . 1 . . . 2 . . . . . . 1 . 1 . . . 2 . . . . 1 1 1 4 1 1 2 Impact Weapon 1 | . . . . . . . . . . . . . . . . . . . 1 . . . . . . . . . . . . . . . . . . . . . . . . . . . . . . . . . . Slashing Weapon 32 | . . . 2 2 . 4 1 1 1 1 . . 1 . . 1 1 . 1 1 2 1 2 . . 2 . . 2 . . . . . . . . . . . . . . . . . 1 1 1 3 . . . Piercing Weapon 2 | . . . . . . . . . . . . . . . . . . . . . . . . 1 1 . . . . . . . . . . . . . . . . . . . . . . . . . . . . Special Melee Weapon 4 | . . . . . . 3 . . . . . . . . 1 . . . . . . . . . . . . . . . . . . . . . . . . . . . . . . . . . . . . . . Unidentified Prototypes 61 | . . . 1 . . . . . 8 . . . . 1 13 3 6 . 8 . . . 1 2 1 . . . . . . 2 . 1 . 3 . . 1 . . 4 . . . . 5 . . . . . 1 Corrupted Parts 1 | . . . . 1 . . . . . . . . . . . . . . . . . . . . . . . . . . . . . . . . . . . . . . . . . . . . . . . . . System Corruption 2 | . . . . 2 . . . . . . . . . . . . . . . . . . . . . . . . . . . . . . . . . . . . . . . . . . . . . . . . . Parts Lost 60 | . . 1 4 7 2 6 . . . . . . . . 5 . 4 . 1 . 1 3 . 8 3 1 . . . . . 2 . . . . . 1 2 1 1 1 1 . . . . . 3 1 . 1 . Power 10 | . . . 1 1 . 2 . . . . . . . . . . . . 1 . . 1 . 3 1 . . . . . . . . . . . . . . . . . . . . . . . . . . . . Propulsion 7 | . . 1 . 1 . 2 . . . . . . . . 2 . . . . . . . . . . . . . . . . . . . . . . . 1 . . . . . . . . . . . . . . Utility 21 | . . . 2 2 . . . . . . . . . . 1 . 4 . . . . . . . . . . . . . . 2 . . . . . . 1 1 1 1 1 . . . . . 3 1 . 1 . Weapon 22 | . . . 1 3 2 2 . . . . . . . . 2 . . . . . 1 2 . 5 2 1 . . . . . . . . . . . 1 . . . . . . . . . . . . . . . Highest Loss Streak 3 | . . 1 1 2 2 1 . . . . . . . . 2 . 2 . 1 . 1 1 . 2 2 1 . . . . . 2 . . . . . 1 1 1 1 1 1 . . . . . 3 1 . 1 . To Critical Strikes . | . . . . . . . . . . . . . . . . . . . . . . . . . . . . . . . . . . . . . . . . . . . . . . . . . . . . . . Average Slot Usage (%) 82 | . 85 82 55 51 69 69 77 84 84 100 100 100 100 99 91 99 96 98 82 86 85 78 78 82 83 85 81 82 81 80 82 82 82 73 80 78 79 78 91 94 90 92 85 80 76 82 87 91 91 87 79 82 84 Engine 3 | . 14 12 5 6 1 3 7 7 5 . . . . . . . . . . . . . . 1 4 6 5 5 4 4 5 5 5 . 4 . . . . . . . . 4 . . . . . . . . . Reactor 3 | . . . . . . . . . . 7 7 7 7 7 7 7 5 . 3 6 6 5 6 3 . . . . . . . . . 4 4 8 9 9 12 13 14 13 13 9 7 4 5 8 8 8 4 2 3 Leg 13 | . 28 15 13 10 18 17 7 7 9 28 28 28 28 28 21 21 18 20 6 6 5 6 6 6 5 6 5 5 4 10 11 11 11 9 9 9 9 9 17 18 14 18 18 4 4 8 16 16 16 15 11 15 15 Device 18 | . . . 6 2 5 4 10 15 6 7 7 13 14 13 11 7 13 18 19 25 25 22 20 24 26 26 23 23 22 26 29 29 29 28 28 27 28 28 29 27 28 26 20 28 28 30 27 31 36 28 21 16 19 Storage 7 | . 14 2 7 7 7 7 7 7 6 7 7 7 7 7 7 7 6 6 6 6 6 6 6 6 6 6 5 5 5 10 11 11 11 9 9 9 9 9 9 9 9 9 9 9 9 8 8 12 12 12 12 11 11 Processor 11 | . . . . 2 10 16 15 15 14 14 14 14 14 14 14 14 20 26 26 26 26 26 26 26 26 26 28 29 29 7 5 5 5 4 4 4 4 4 4 4 4 4 4 4 4 4 4 4 4 4 4 3 3 Hackware 1 | . . . . . . . . . 6 7 7 7 8 14 7 7 3 . . . . . . . . . . . . . . . . . . . . . . . . . . . . . . . . . . 1 . Protection 5 | . . 11 6 5 3 3 13 15 14 14 14 7 5 . 5 14 8 6 3 . . . . . . . . . . 4 5 5 5 4 4 4 4 3 2 4 4 4 4 4 4 7 8 8 4 4 8 8 11 Energy Gun 2 | . 4 5 9 14 14 3 . . . . . . . . . . . . . . . . . 2 . . . . . . . . . . . . . . . . . . . . . . . . . . . 14 14 Energy Cannon 6 | . 23 21 . . . . . . . . . . . . . . 4 13 11 12 6 3 . . 4 . . . . 10 11 11 11 9 14 13 13 12 13 13 14 13 13 14 13 13 10 8 7 8 8 . . Ballistic Gun 3 | . . . . . . . 14 12 14 13 14 14 12 14 12 13 7 . . . . . . 1 1 6 5 5 5 . . . . . . . . . . . . . . . . . . . . . . . . Slashing Weapon 1 | . . . 2 . . 6 . 2 . . . . 1 . . . . . . . 4 5 5 . . 4 5 5 4 . . . . . . . . . . . . . . . . . 1 3 3 1 . . . Naked Turns . | . . . . . . . . . . . . . . . . . . . . . . . . . . . . . . . . . . . . . . . . . . . . . . . . . . . . . . Heaviest Build 213 | 13 16 32 88 89 76 77 84 79 79 71 71 71 65 88 83 89 117 85 85 85 78 75 71 71 82 73 72 72 72 95 95 96 96 154 154 151 152 152 152 148 147 152 140 140 154 161 161 157 164 213 196 182 182 Greatest Support 233 | 20 20 40 62 62 86 86 50 50 73 73 73 73 73 73 73 73 126 126 126 100 100 100 100 100 100 100 100 90 90 150 130 130 100 150 150 150 150 150 180 180 180 180 180 180 200 200 173 173 173 233 218 208 208 Greatest Overweight (x) 3 | . . 3 1 1 1 1 1 1 1 . . . . 1 1 1 2 . . . . . . . . . . . . 1 . 1 1 1 1 1 1 1 1 1 . 1 . . . 1 1 . 1 1 1 1 . Average Overweight (x) . | . . . . 1 . . 1 1 . . . . . . . 1 . . . . . . . . . . . . . . . . . . 1 . . . . . . . . . . . . . . . . . . Largest Inventory Capacity 35 | 8 8 35 35 35 35 35 35 20 20 20 20 20 20 25 25 25 25 25 25 25 25 25 25 25 25 25 25 25 25 25 25 25 25 25 25 25 25 25 25 25 25 25 25 25 35 35 35 35 25 35 30 30 30 Average Capacity 24 | 8 8 11 35 35 35 35 32 20 20 20 20 20 20 23 25 25 24 25 25 25 25 25 25 25 25 25 25 25 25 25 25 24 25 25 25 25 25 25 25 25 25 25 25 25 28 35 35 34 25 24 26 30 28 Most Carried 35 | 6 6 34 35 30 30 30 27 20 20 20 20 20 20 23 25 25 25 25 25 25 25 25 24 24 25 25 25 25 25 25 25 25 22 25 24 24 22 21 20 21 22 25 24 20 35 35 35 32 25 31 26 27 27 Average Carried 21 | 6 6 8 25 27 28 27 22 20 19 20 20 20 19 21 24 24 23 24 23 24 24 24 24 22 22 24 23 24 24 24 24 24 22 23 23 21 21 20 18 19 20 21 23 20 25 32 32 30 22 21 24 19 20 Final Capacity 35 | 8 8 35 35 35 35 35 20 20 20 20 20 20 20 25 25 25 25 25 25 25 25 25 25 25 25 25 25 25 25 25 25 25 25 25 25 25 25 25 25 25 25 25 25 25 35 35 35 25 25 25 30 30 25 Final Carried 34 | 6 6 34 29 25 30 24 20 20 20 20 20 20 20 23 25 25 23 25 24 25 24 24 24 22 25 25 23 25 25 24 25 22 22 24 23 21 21 20 18 21 20 24 20 20 34 29 31 21 20 25 26 18 25 Class Distribution -------------------- 22% | Wizard-Golem 18% | Mutant 13% | Hauler-Mutant 10% | Assassin 9% | Golem 8% | Hacker-Mutant 4% | Wizard-Tank 3% | Skirmisher 3% | Subdweller-Mutant Dominant Class ---------------- Mutant | -10/Materials Subdweller-Mutant | -10/Subcaves Hauler-Mutant | -8/Materials Hauler-Mutant | -8/Garrison Hauler-Mutant | -8/Materials Hauler-Mutant | -8/Garrison Hauler-Mutant | -7/Factory Mutant | -7/Garrison Hacker-Mutant | -7/Factory Hacker-Mutant | -7/Garrison Hacker-Mutant | -7/Factory Hacker-Mutant | -7/Lower Caves Hacker-Mutant | -7/Lower Caves Hacker-Mutant | -7/Zion Mutant | -7/Deep Caves Mutant | -6/Proximity Caves Mutant | -6/Factory Mutant | -6/Waste Mutant | -6/Factory Skirmisher | -6/Garrison Assassin | -6/Factory Assassin | -6/Garrison Assassin | -6/Factory Scavenger-Skirmisher | -6/Garrison Skirmisher | -6/Factory Assassin | -6/Garrison Assassin | -5/Factory Assassin | -5/Waste Assassin | -5/Factory Golem | -5/Upper Caves Golem | -5/Upper Caves Golem | -5/Warlord Golem | -4/Proximity Caves Wizard-Golem | -4/Factory Wizard-Golem | -4/Waste Wizard-Golem | -4/Factory Wizard-Golem | -4/Garrison Wizard-Golem | -4/Factory Wizard-Golem | -4/Garrison Wizard-Golem | -4/Factory Wizard-Golem | -4/Garrison Wizard-Golem | -4/Factory Wizard-Tank | -4/Garrison Wizard-Tank | -4/Factory Golem | -4/DSF Hauler-Golem | -3/Research Wizard-Golem | -3/Testing Wizard-Golem | -2/Research Wizard-Golem | -2/Quarantine Wizard-Golem | -2/Section 7 Wizard-Golem | -2/Garrison Wizard-Tank | -1/Access Wizard-Tank | -1/Command Resources | -11 -10 -10 -8 -8 -8 -8 -7 -7 -7 -7 -7 -7 -7 -7 -7 -6 -6 -6 -6 -6 -6 -6 -6 -6 -6 -6 -5 -5 -5 -5 -5 -5 -4 -4 -4 -4 -4 -4 -4 -4 -4 -4 -4 -4 -4 -3 -3 -2 -2 -2 -2 -1 -1 ----------- Run | Yrd Mat Sub Mat Gar Mat Gar Fac Gar Fac Gar Fac Low Low Zio Dee Pro Fac Was Fac Gar Fac Gar Fac Gar Fac Gar Fac Was Fac Upp Upp War Pro Fac Was Fac Gar Fac Gar Fac Gar Fac Gar Fac DSF Res Tes Res Qua Sec Gar Acc Com Matter Collected 11157 | 200 34 240 209 303 200 239 455 352 516 499 16 109 213 21 858 320 892 10 275 60 165 80 132 885 276 354 . 44 618 74 . 10 10 537 118 172 50 47 78 28 81 147 . . 100 30 200 30 89 300 123 210 148 Remotely . | . . . . . . . . . . . . . . . . . . . . . . . . . . . . . . . . . . . . . . . . . . . . . . . . . . . . . . Salvage Created 104094 | . 456 1100 2228 2327 2233 1985 2406 2222 2439 1898 62 424 1144 . 3100 1595 3155 1787 2348 1706 2470 2168 522 2123 2142 2953 . 1835 3259 1173 865 1085 706 2649 1802 3749 2568 3291 2610 797 2130 3631 1414 . 1009 412 2554 883 2564 5786 2710 3359 4260 Parts 3502 | . 36 25 74 127 138 104 81 57 73 65 3 15 27 . 128 98 131 19 86 59 68 73 36 80 92 79 . 22 101 33 25 35 16 92 20 136 89 94 74 21 60 147 42 . 27 20 86 10 67 172 82 146 111 Haulers Intercepted 41 | . . . 4 . 5 . 3 . 6 . . . . . . . 2 . 2 . . . . . 3 . . . 1 . . . . . . 4 . 2 1 . . 4 . . 1 . . . 2 1 . . . Recyclers Shooed 4 | . . . 1 . . . . . . . . . . . . . . . . . . . . . 1 . . . . . . . . . . . . . . . . . . . . . . . . . . 2 . Parts Field Recycled . | . . . . . . . . . . . . . . . . . . . . . . . . . . . . . . . . . . . . . . . . . . . . . . . . . . . . . . Retrieved Matter . | . . . . . . . . . . . . . . . . . . . . . . . . . . . . . . . . . . . . . . . . . . . . . . . . . . . . . . Parts Self-Destructed 225 | . . 3 . . . . . . . . . 15 27 . . 98 . . . . . . . . . . . . . 38 24 . 20 . . . . . . . . . . . . . . . . . . . . Prevented 4 | . . . . . . . . . . . . . . . . . . . . . . . . . . . . . . . 4 . . . . . . . . . . . . . . . . . . . . . . Kills | -11 -10 -10 -8 -8 -8 -8 -7 -7 -7 -7 -7 -7 -7 -7 -7 -6 -6 -6 -6 -6 -6 -6 -6 -6 -6 -6 -5 -5 -5 -5 -5 -5 -4 -4 -4 -4 -4 -4 -4 -4 -4 -4 -4 -4 -4 -3 -3 -2 -2 -2 -2 -1 -1 ------- Run | Yrd Mat Sub Mat Gar Mat Gar Fac Gar Fac Gar Fac Low Low Zio Dee Pro Fac Was Fac Gar Fac Gar Fac Gar Fac Gar Fac Was Fac Upp Upp War Pro Fac Was Fac Gar Fac Gar Fac Gar Fac Gar Fac DSF Res Tes Res Qua Sec Gar Acc Com Combat Hostiles Destroyed 1456 | . 12 20 36 43 35 41 33 36 32 37 1 12 25 . 61 22 41 6 30 35 46 41 6 50 30 56 . 6 44 24 14 16 10 35 6 43 40 33 45 10 31 45 22 . 8 5 24 10 21 57 38 35 47 Melee 64 | . . . 8 . . 17 . . . . . . . . . . . . . . 2 17 2 10 7 . . . . . . . . . . 1 . . . . . . . . . . . . . . . . . Guns 225 | . 3 . 12 37 30 20 5 6 1 8 . 3 4 . 21 8 1 . . . . . . 12 . 6 . . 2 . . . . . . . . . . . . . . . . . . . . . . 34 12 Cannons 193 | . 7 4 3 . . . . . . . . . . . . . 7 . 10 11 12 2 4 18 14 . . . . 6 4 . 2 7 . 14 10 8 13 1 4 11 7 . 1 . 1 . . 6 6 . . AOE 30 | . 2 . . 5 5 4 . . . . . . . . . . . . . . . 3 . 9 . . . . . . . . . . . . . . . . . 1 . . . . 1 . . . . . . Classes Destroyed 38 | . 5 3 4 3 1 2 2 1 1 1 . . . . 4 1 1 1 . . 1 . . 1 . . . . . . . 1 1 . . . . . . . . . . . . . 2 . 2 . . . . Worker 49 | . 2 . 1 . 2 . 3 . 2 . . . . . . . 4 . 3 . 1 . 1 . 3 . . . 4 . . . . 2 . 4 . 2 . . . 4 . . . . 1 1 3 3 . . 3 Builder 33 | . . . . . 2 . 1 . . . . . . . . . 5 . 1 . . . 2 . 1 . . . . . . . . 2 . 5 . 1 . 2 . 4 . . . . 3 . 1 2 . 1 . Tunneler 5 | . 1 . . . . . 2 . . . . . . . . . . . . . . . . . . . . . . . . . . . . 1 . . . . . 1 . . . . . . . . . . . Hauler 41 | . . . 4 . 5 . 3 . 6 . . . . . . . 2 . 2 . . . . . 3 . . . 1 . . . . . . 4 . 2 1 . . 4 . . 1 . . . 2 1 . . . Recycler 25 | . . . . . . . 5 . 3 . . . . . . . 4 . 2 . 2 . . . . . . . 1 . . . . . . 2 . 2 . . . 2 . . . . 1 . . 1 . . . Carrier 15 | . . . . . . . . . . 1 . . . . . . . . 1 1 . . . . . . . . 2 . . . . 1 . 1 . 2 . . . . 1 . 1 . . . . 2 . 1 1 Mechanic 5 | . . . . . . . . . . . . . . . . . 1 . 1 . . . . . . . . . . . . . . . . . . 1 . . . 1 . . . . . . . . . . 1 Operator 20 | . . . 3 . 2 . . . . . . . . . . . . . . . 1 . 1 . . . . . . . . . . 1 . 1 . . . . . 1 . . . 1 3 1 2 2 . . 1 Drone 1 | . . . . . . . . . . . . . . . . . . . . . . . . . . . . . . . . . 1 . . . . . . . . . . . . . . . . . . . . Turret 1 | . . 1 . . . . . . . . . . . . . . . . . . . . . . . . . . . . . . . . . . . . . . . . . . . . . . . . . . . Watcher 85 | . 2 . 4 1 3 2 4 1 3 . . . . . . . 6 . 3 . 4 . 3 . 3 . . . 6 . . . . 3 . 6 1 3 . 2 . 3 . . . . 3 . 3 4 . 7 5 Swarmer 269 | . 6 3 4 6 8 8 8 17 . 17 . 8 8 . . . 10 . 8 14 2 14 . 19 1 10 . . 5 9 1 . . 3 . 14 11 . 19 . 4 12 7 . . . . . . . 7 . 6 Cutter 12 | . . . . . . 2 . . . . . . . . . . . . . 1 . . . 2 . 4 . . . . . . . . . . . . . . . . 3 . . . . . . . . . . Saboteur 6 | . . . . . . . . . . . . . . . . . . . . . 1 . . . . . . . 2 . . . . . . 1 . . . . . . . . . . . . . 1 . . 1 Grunt 437 | . 6 2 18 17 14 17 12 5 13 10 . . 11 . . 6 9 . 7 9 9 11 . 21 16 15 . . 16 8 8 6 3 9 . 10 17 9 8 . 17 8 9 . 4 . 12 7 8 16 17 7 10 Brawler 46 | . . . . 5 4 . . 4 1 . . . 1 . . 2 . . 1 1 3 2 . . 1 4 . . 2 1 1 1 . 2 . 1 . 2 . . 3 . . . . . . 1 . 2 . 1 . Duelist 61 | . . . . 3 1 4 2 2 1 2 . . 2 . . 3 . . 1 . 2 2 . 1 1 4 . . 4 . 2 . 2 1 . . 1 1 8 . 1 . 2 . . . 1 . . 3 1 . 3 Protector 19 | . . . . . . . . . 2 . . . . . . 4 1 . 1 . 2 . . . . 2 . . 2 . . 3 . . . . . 1 . . . 1 . . . . . . . . . . . Researcher 15 | . . . . . . . . . . . . . . . . . . . . . . . . . . . . . . . . . . . . . . . . . . . . . . . 4 . 3 8 . . . Sentry 172 | . . . 13 10 8 5 5 2 5 6 1 1 2 . . 2 9 . 4 8 6 11 3 1 5 14 . . 1 2 1 . 1 2 . 4 4 3 3 2 3 3 . . . 1 . . . 8 1 5 7 Demolisher 10 | . . . . . . . . . . . . . . . . 4 . . . . 2 . . . . 2 . . . . . 2 . . . . . . . . . . . . . . . . . . . . . Specialist 14 | . . . . . . . . 4 . . . . . . . . 1 . 1 . . . . 1 . . . . 2 . . . . . . . 1 . . . . 1 . . 2 . . . . . . 1 . Hunter 81 | . . . 1 . . 1 . . 4 . . 2 . . . . 4 . 1 . . . 1 2 . . . . 1 . . . 2 2 . 4 2 6 5 3 . 11 . . 2 4 . . 2 5 4 8 4 Programmer 164 | . . . . . . 3 4 2 5 1 . 1 . . . 1 6 . 5 1 3 . 2 2 5 . . . 8 . 1 1 . 16 . 7 2 9 1 4 2 7 1 . . . 7 . 10 17 7 13 10 Heavy 12 | . . . . . . . 2 . 1 . . . . . . . 1 . 1 . . . . . . . . . 1 . . . . . . 2 . 2 . . . 1 . . 1 . . . . . . . . Behemoth 25 | . . . . 2 . 1 . . . 1 . . 1 . . . . . 1 1 1 1 . . 1 1 . . . . . . 1 2 . . 2 . 1 1 1 1 . . . . . 1 . . 1 . 3 Compactor 18 | . . . . . . . . . . . . . . . . . . 6 . . . . . . . . . 6 . . . . . . 6 . . . . . . . . . . . . . . . . . . S7 Guard 3 | . . . . . . . . . . . . . . . . . . . . . . . . . . . . . . . . . . . . . . . . . . . . . . . . . . 3 . . . M Guard 1 | . . . . . . . . . . . . . . . . . . . . . . . . . . . . . . . . . . . . . . . . . . . . . . . . . . . . . 1 Combat Programmer 2 | . . . . . . . . . . . . . . . . . . . . . . . . . . . . . . . . . . . . . . . . . . . . . . . . . . . . . 2 Striker 4 | . . . . . . . . . . . . . . . . . . . . . . . . 1 . . . . . . . 1 . . . . . . . . . . . . . . 2 . . . . . . Executioner 5 | . . . . . . . . . . . . . . . . . . . . . . . . . . . . . . . . 2 . . . . . . . . . . . . . . . 1 . 2 . . . Superbehemoth 1 | . . . . . . . . . . . . . . . . . . . . . . . . . . . . . . . . . . . . . . . . . . . . . . . 1 . . . . . . Alpha 7 1 | . . . . . . . . . . . . . . . . . . . . . . . . . . . . . . . . . . . . . . . . . . . . . . . 1 . . . . . . Fortress 1 | . . . . . . . . . . . . . . . . . . . . . . . . . . . . . . . . . . . . . . . . . . . . . . . . . 1 . . . . Cobbler 1 | . . 1 . . . . . . . . . . . . . . . . . . . . . . . . . . . . . . . . . . . . . . . . . . . . . . . . . . . Subdweller 15 | . . 15 . . . . . . . . . . . . . . . . . . . . . . . . . . . . . . . . . . . . . . . . . . . . . . . . . . . Z-Light 11 | . . . . . . . . . . . . . . . 11 . . . . . . . . . . . . . . . . . . . . . . . . . . . . . . . . . . . . . . Assembler 2 | . . . . . . . . . . . . . . . 2 . . . . . . . . . . . . . . . . . . . . . . . . . . . . . . . . . . . . . . Assembled 58 | . . . . . . . . . . . . . . . 43 . . . . . 15 . . . . . . . . . . . . . . . . . . . . . . . . . . . . . . . . Golem 6 | . . . . . . . . . . . . . . . 6 . . . . . . . . . . . . . . . . . . . . . . . . . . . . . . . . . . . . . . Thug 4 | . . . . . . . . . . . . . . . . . . . . . . . . . . . . . . 4 . . . . . . . . . . . . . . . . . . . . . . . Butcher 1 | . . . . . . . . . . 1 . . . . . . . . . . . . . . . . . . . . . . . . . . . . . . . . . . . . . . . . . . . Martyr 1 | . . . . . . . . . . . . . . . . . . . . . . . . . . . . . 1 . . . . . . . . . . . . . . . . . . . . . . . . Mutant 1 | . . . . . . . . . . . . . . . . . . . . . . . . . . . . . . . . . . . . . . . . . . . . . . . . . 1 . . . . Infiltrator 1 | . . . . . . . . . . 1 . . . . . . . . . . . . . . . . . . . . . . . . . . . . . . . . . . . . . . . . . . . Best Kill Streak 43 | . 8 4 5 4 5 7 11 13 11 15 1 4 7 . 43 7 8 3 6 8 16 14 2 16 4 18 . 4 9 4 9 11 5 8 2 11 13 10 12 3 6 10 16 . 4 4 9 4 10 10 9 8 9 Combat Bots Only 41 | . 5 3 5 4 5 7 5 13 10 14 1 4 7 . 41 7 5 3 4 8 16 14 2 16 4 18 . 4 9 4 9 11 5 6 2 10 13 7 12 3 6 8 15 . 3 4 5 4 7 7 9 6 7 Max Kills in Single Turn 6 | . 2 1 1 3 3 3 4 3 4 3 1 2 3 . 3 2 2 1 2 2 2 2 1 4 1 5 . 1 3 2 1 2 1 3 1 3 2 3 2 2 2 4 2 . 3 1 6 2 2 3 2 1 4 Gunslinging 1 | . . . . 1 1 . 1 . . 1 . 1 . . 1 . 1 . . . . . . . . . . . . . . . . . . . . . . . . . . . . . . . . . . . 1 Exploded 4 | . 1 . . 2 1 1 . . . . . . . . . . . . . . . 2 . 4 . . . . . . . . . . . . . . . . . 1 . . . . 1 . . . . . . Melee 1 | . . . 1 . . 1 . . . . . . . . . . . . . . 1 1 1 1 1 . . . . . . . . . . 1 . . . . . . . . . . . . . . . . . Uniques/NPCs Destroyed 1 | . . . . . . . . . . . . . . . 1 . . . . . . . . . . . . . . . . . . . . . . . . . . . . . . . . . . . . . . Z-Imprinter (-7/Deep Caves) Combat | -11 -10 -10 -8 -8 -8 -8 -7 -7 -7 -7 -7 -7 -7 -7 -7 -6 -6 -6 -6 -6 -6 -6 -6 -6 -6 -6 -5 -5 -5 -5 -5 -5 -4 -4 -4 -4 -4 -4 -4 -4 -4 -4 -4 -4 -4 -3 -3 -2 -2 -2 -2 -1 -1 -------- Run | Yrd Mat Sub Mat Gar Mat Gar Fac Gar Fac Gar Fac Low Low Zio Dee Pro Fac Was Fac Gar Fac Gar Fac Gar Fac Gar Fac Was Fac Upp Upp War Pro Fac Was Fac Gar Fac Gar Fac Gar Fac Gar Fac DSF Res Tes Res Qua Sec Gar Acc Com Hostile Shots Fired 4301 | . 38 56 159 185 42 159 55 40 64 56 9 20 19 . 31 14 90 . 61 93 106 308 114 418 208 219 . . 89 55 12 31 15 53 . 88 73 85 128 28 55 189 31 . 16 12 66 10 84 106 76 285 150 Missed 1453 | . 9 16 44 47 13 37 20 11 32 29 6 9 4 . 8 7 32 . 27 43 35 102 28 115 62 89 . . 35 17 5 10 4 23 . 28 26 36 51 4 21 70 12 . 9 7 26 5 33 34 29 93 50 Damage Taken 34615 | . 252 511 1365 1844 468 1882 448 371 392 203 12 99 183 . 809 123 636 . 387 517 912 1935 610 3928 1973 1269 . . 821 411 102 410 147 384 . 977 613 1110 944 277 395 1630 210 . 194 50 656 93 498 1054 680 1830 . Core 4278 | . 56 24 82 209 52 287 26 95 61 27 . 9 14 . 58 4 30 . 20 35 140 365 126 617 335 164 . . 36 13 16 48 43 40 . 57 32 99 76 . 49 204 . . . . 19 19 44 259 232 156 . Absorbed by Shields . | . . . . . . . . . . . . . . . . . . . . . . . . . . . . . . . . . . . . . . . . . . . . . . . . . . . . . . Redirected to Core 437 | . . . . . . . . . . . . . . . . . . . . . . . . . . . . . . . . . . . . . . . . . . . . . . . . . . 129 194 114 . Redirected to Shielding 3298 | . . . . 30 46 . 164 . 9 4 2 . 17 . 23 67 60 . 28 . 127 195 37 691 374 226 . . 146 135 . 24 23 51 . 174 85 92 30 . . . . . . . . . . . . 438 . Ignored by Resistances 19033 | . 81 138 387 517 131 535 125 105 114 61 4 33 52 . 142 35 253 . 112 154 263 582 193 1119 569 392 . . 228 249 34 236 88 225 . 519 371 614 334 163 237 800 129 . 110 31 384 53 1248 608 409 2504 3362 Regen/Repaired (Parts) 8225 | . . . 46 . 182 . 40 . 330 . . . . . . . 242 . 2228 . 1027 . . . 1062 . . 19 1639 . . . . 475 . . . . . 128 . 8 . . . . 151 . . . . 325 323 Core Remaining (%) 76 | 100 . 68 . . . 127 . . . . . . . . . 58 . . . . . . . . . 31 . . . . . . 84 . . . . . . . . . . . 51 . 98 . . . 61 . 90 Volleys Fired 2354 | . 37 81 128 109 55 41 41 42 37 58 1 8 21 6 63 21 58 7 54 61 60 31 31 105 66 60 . 6 52 29 21 20 11 43 6 61 69 48 54 20 51 76 30 . 13 9 51 10 59 106 59 102 66 Largest 4 | . 2 2 2 2 2 2 2 2 2 2 2 2 2 2 2 2 2 2 2 2 2 1 1 2 2 2 . 1 1 2 1 2 2 3 3 3 3 3 3 2 3 3 3 . 3 2 2 2 2 3 2 4 4 Hottest 260 | . 120 140 126 126 100 100 50 50 55 50 50 50 50 50 50 50 70 70 70 70 70 90 40 138 165 110 . 25 25 50 25 50 50 75 75 75 75 75 75 50 75 75 75 . 75 50 50 50 50 75 50 260 260 Shots Fired 4281 | . 72 128 162 212 111 54 82 76 74 117 2 16 43 12 115 43 118 14 95 79 68 33 31 135 93 68 . 6 52 36 21 29 22 81 18 140 122 112 105 34 79 116 90 . 37 11 89 19 117 182 117 400 193 Gun 2002 | . 32 14 127 212 111 53 82 76 73 117 2 16 43 12 115 43 74 . . . . . . 70 13 68 . 6 52 1 . . . . . . . . . . . . . . . . . . . . . 399 191 Cannon 2266 | . 40 114 35 . . . . . 1 . . . . . . . 44 14 94 79 68 32 31 62 80 . . . . 35 21 29 22 81 18 140 122 112 105 34 79 116 90 . 37 11 89 18 116 180 117 . . Launcher 4 | . . . . . . 1 . . . . . . . . . . . . . . . . . 3 . . . . . . . . . . . . . . . . . . . . . . . . . . . . . Special 9 | . . . . . . . . . . . . . . . . . . . 1 . . 1 . . . . . . . . . . . . . . . . . . . . . . . . . 1 1 2 . 1 2 Kinetic 749 | . . . . . . 8 82 76 73 117 2 16 43 10 . . 64 . . . . . 31 87 21 60 . 6 52 1 . . . . . . . . . . . . . . . . . . . . . . . Thermal 3456 | . 55 128 162 170 111 45 . . 1 . . . . 2 115 43 54 14 95 79 68 30 . 42 72 8 . . . 35 21 29 22 81 18 140 122 112 105 34 79 116 90 . 37 11 89 18 116 180 117 399 191 Explosive 4 | . . . . . . 1 . . . . . . . . . . . . . . . . . 3 . . . . . . . . . . . . . . . . . . . . . . . . . . . . . Electromagnetic 65 | . 17 . . 42 . . . . . . . . . . . . . . . . . 3 . 3 . . . . . . . . . . . . . . . . . . . . . . . . . . . . . Robot Hit Streak 76 | . 24 29 67 34 70 39 15 15 40 11 13 16 21 . 27 19 19 19 44 50 26 23 31 15 32 76 . 57 33 29 9 10 6 9 6 19 9 25 22 18 9 11 6 . 20 4 40 50 73 18 15 42 32 Robot Miss Streak 8 | . 1 3 1 2 2 2 2 2 2 1 . 2 2 . 2 2 3 1 1 2 3 1 1 8 1 1 . 1 4 1 1 1 1 2 1 2 1 1 2 1 2 6 1 . 1 1 1 . 1 2 2 2 1 Penetration Max . | . . . . . . . . . . . . . . . . . . . . . . . . . . . . . . . . . . . . . . . . . . . . . . . . . . . . . . Secondary Targets 103 | . . . 1 7 4 1 7 3 4 12 . 3 3 . 17 1 1 . . . . . . 3 . . . . . . . . . . . . . . . . . . . . . . . . 6 8 4 4 14 Max Gunslinging Chain 3 | . . . 1 1 1 1 1 1 1 1 . 1 1 . 1 1 1 . . . . . . 1 . . . . . . . . . . . . . . . . . . . . . . . . 1 2 1 1 3 Shots Hit Robots 2855 | . 44 50 171 167 94 102 56 38 45 36 1 11 27 . 80 23 60 11 47 34 63 84 35 127 125 54 . 6 58 25 14 18 11 40 6 70 39 60 49 13 29 65 21 . 21 6 58 10 71 87 35 329 129 Core Hits 1492 | . 21 13 67 112 108 101 26 16 24 18 1 6 12 . 35 15 31 . 24 15 29 52 15 86 49 35 . 3 36 8 8 7 4 27 2 31 19 25 24 4 15 36 14 . 8 6 24 6 28 40 10 129 67 Critical Kills 1087 | . . . 2 . . . 45 36 42 33 1 9 21 . 46 15 49 6 28 25 36 17 . 1 12 50 . 6 54 18 10 16 8 35 6 42 32 35 34 11 27 40 18 . 9 5 28 11 29 68 32 . 39 Critical Parts Destroyed . | . . . . . . . . . . . . . . . . . . . . . . . . . . . . . . . . . . . . . . . . . . . . . . . . . . . . . . Critical Strikes 1448 | . . 1 114 39 . 25 45 36 42 33 1 9 21 . 46 15 49 6 28 25 42 53 30 49 18 54 . 6 54 18 10 16 8 35 6 42 32 35 34 11 27 40 18 . 9 5 44 11 29 68 32 . 77 Burn 156 | . . . 111 39 . . . . . . . . . . . . . . . . . . . 2 . 4 . . . . . . . . . . . . . . . . . . . . . . . . . . . Meltdown 1087 | . . . 2 . . . 45 36 42 33 1 9 21 . 46 15 49 6 28 25 36 17 . 1 12 50 . 6 54 18 10 16 8 35 6 42 32 35 34 11 27 40 18 . 9 5 28 11 29 68 32 . 39 Destroy 1 | . . 1 . . . . . . . . . . . . . . . . . . . . . . . . . . . . . . . . . . . . . . . . . . . . . . . . . . . Blast 69 | . . . . . . . . . . . . . . . . . . . . . . . 23 45 1 . . . . . . . . . . . . . . . . . . . . . . . . . . . . Sever 130 | . . . 1 . . 25 . . . . . . . . . . . . . . 6 36 7 1 . . . . . . . . . . . . . . . . . . . . . . 16 . . . . . 38 Impale 5 | . . . . . . . . . . . . . . . . . . . . . . . . . 5 . . . . . . . . . . . . . . . . . . . . . . . . . . . . Melee Attacks 339 | . . . 28 1 . 100 . 11 1 2 . . 3 . 6 2 1 . . 1 13 62 12 17 39 30 . . 9 . . . . . . . . . . . . . . . . . . . . 1 . . . Impact . | . . . . . . . . . . . . . . . . . . . . . . . . . . . . . . . . . . . . . . . . . . . . . . . . . . . . . . Slashing 268 | . . . 28 1 . 91 . 11 1 2 . . 3 . . 2 1 . . 1 13 62 12 . . 30 . . 9 . . . . . . . . . . . . . . . . . . . . 1 . . . Piercing 65 | . . . . . . 9 . . . . . . . . . . . . . . . . . 17 39 . . . . . . . . . . . . . . . . . . . . . . . . . . . . Sneak Attacks 24 | . . . 2 . . 7 . . . . . . . . . . . . . . 3 . 2 1 3 . . . 6 . . . . . . . . . . . . . . . . . . . . . . . . Combat Hostiles 8 | . . . . . . 7 . . . . . . . . . . . . . . . . . 1 . . . . . . . . . . . . . . . . . . . . . . . . . . . . . Follow-up Attacks . | . . . . . . . . . . . . . . . . . . . . . . . . . . . . . . . . . . . . . . . . . . . . . . . . . . . . . . Damage Inflicted 102648 | . 860 839 3437 3864 3499 4248 1350 752 1066 699 19 207 476 . 2976 780 1671 350 1579 1157 2238 3462 1341 4740 4126 1243 . 92 1803 1194 671 850 507 2410 256 3895 1950 3185 2310 703 1418 3529 1232 . 1058 250 3310 532 2176 3799 1930 11702 4907 Guns 39699 | . 274 62 1956 3243 2747 1867 1350 752 1057 699 19 207 476 . 2976 780 851 . . . . . . 925 219 1205 . 92 1328 14 . . . . . . . . . . . . . . . . . . . . . 11702 4898 Cannons 48742 | . 382 777 595 . . 14 . . . . . . . . . . 752 350 1579 1157 1643 820 847 1895 2228 . . . . 1180 671 850 507 2145 256 3864 1950 3145 2310 703 1418 3124 1232 . 1058 250 2603 532 2176 3799 1930 . . Explosions 4979 | . 204 . . 621 698 495 . . . . . . . . . . 68 . . . . 778 . 815 . . . . . . . . . 265 . . . . . . . 359 . . . . 676 . . . . . . Melee 8630 | . . . 871 . . 1872 . . . . . . . . . . . . . . 577 1853 494 810 1640 38 . . 475 . . . . . . . . . . . . . . . . . . . . . . . . Ramming 587 | . . . 15 . 54 . . . 9 . . . . . . . . . . . 18 . . 295 39 . . . . . . . . . . 31 . 40 . . . 46 . . . . 31 . . . . . 9 Kinetic 11511 | . . . . . . 174 1350 752 1057 699 19 207 476 . . . 638 . . . . . 847 2252 545 1061 . 92 1328 14 . . . . . . . . . . . . . . . . . . . . . . . Thermal 78130 | . 704 839 2551 3047 3445 2168 . . . . . . . . 2976 780 1033 350 1579 1157 1643 817 . 692 1902 144 . . . 1180 671 850 507 2145 256 3864 1950 3145 2310 703 1418 3124 1232 . 1058 250 2603 532 2176 3799 1930 11702 4898 Explosive 641 | . . . . . . 20 . . . . . . . . . . . . . . . . . 262 . . . . . . . . . . . . . . . . . 359 . . . . . . . . . . . Electromagnetic 3135 | . 156 . . 817 . . . . . . . . . . . . . . . . . 792 . 429 . . . . . . . . . 265 . . . . . . . . . . . . 676 . . . . . . Impact 14 | . . . . . . 14 . . . . . . . . . . . . . . . . . . . . . . . . . . . . . . . . . . . . . . . . . . . . . . . Slashing 6154 | . . . 871 . . 1846 . . . . . . . . . . . . . . 577 1853 494 . . 38 . . 475 . . . . . . . . . . . . . . . . . . . . . . . . Piercing 2476 | . . . . . . 26 . . . . . . . . . . . . . . . . . 810 1640 . . . . . . . . . . . . . . . . . . . . . . . . . . . . Highest Corruption 8 | . 1 1 . 2 2 3 . 1 1 1 1 1 1 1 8 8 1 6 . . 1 8 1 8 2 . . . . . . . . . 8 1 1 2 2 2 1 2 . . . . 2 . . 1 2 1 1 Average Corruption 1 | . 1 1 . 2 2 2 . 1 1 1 1 1 1 1 8 8 1 1 . . 1 2 1 1 1 . . . . . . . . . 5 1 1 1 2 1 1 1 . . . . 1 . . 1 1 1 1 Corruption Purged 9 | . . . . . . . . . . . . . . . . . . 8 1 . . . . . . . . . . . . . . . . . . . . . . . . . . . . . . . . . . Corruption Blocked 25 | . . . . . . . . . . . . . . . . . . . . . . . . . . . . . 1 . . . . . . . . . . . . . . . . . 15 6 . . . . 3 Effects 380 | . 9 3 . 2 23 27 . 9 7 5 2 8 12 . 39 50 23 . . . 2 2 3 5 29 . . . . . . . . . 8 5 12 7 12 2 8 6 . . . . 4 . . 8 25 4 19 Message Errors 98 | . 4 . . . 5 11 . 4 2 1 . 3 5 . 7 15 7 . . . 1 . . 1 6 . . . . . . . . . 1 1 1 1 3 1 3 2 . . . . . . . 4 7 1 1 Matter Fused 84 | . 2 . . 1 6 5 . . 1 2 . 2 3 . 9 12 6 . . . . . . 1 7 . . . . . . . . . 3 1 4 2 4 1 . 1 . . . . . . . 1 5 . 5 Heat Flow Errors 61 | . 2 . . . 6 2 . 2 2 1 . 2 2 . 9 7 3 . . . 1 . . 2 5 . . . . . . . . . . 1 1 2 2 . 2 2 . . . . 1 . . 1 2 . 1 Energy Discharges 38 | . 1 1 . . 2 5 . . 1 . . 1 . . 3 2 2 . . . . . 1 1 2 . . . . . . . . . 2 1 2 1 1 . 1 . . . . . 1 . . 2 2 1 2 Parts Rejected 2 | . . . . . 1 . . . . . . . . . . . . . . . . . . . 1 . . . . . . . . . . . . . . . . . . . . . . . . . . . . Parts Fused 4 | . . . . . . . . . . . . . . . 1 1 . . . . . . . . . . . . . . . . . . 1 . . . . . . 1 . . . . . . . . . . . Data Loss (minor) 44 | . . 1 . . . 3 . 3 1 . 1 . 1 . 3 4 2 . . . . . 2 . 5 . . . . . . . . . 1 1 2 . 2 . 1 . . . . . 1 . . . 4 1 5 Data Loss (major) 13 | . . . . . 1 . . . . . 1 . . . 3 3 . . . . . . . . 2 . . . . . . . . . . . 1 . . . . . . . . . . . . . 2 . . Misfires 18 | . . . . . 1 . . . . 1 . . 1 . 3 2 2 . . . . 2 . . . . . . . . . . . . . . 1 . . . 1 . . . . . . . . . . . 4 Alerts 13 | . . 1 . 1 1 1 . . . . . . . . 1 3 1 . . . . . . . . . . . . . . . . . . . . 1 . . . . . . . . . . . . 2 . 1 Weapon Failures 5 | . . . . . . . . . . . . . . . . 1 . . . . . . . . 1 . . . . . . . . . . . . . . . . . . . . . 1 . . . 1 1 . Overload Shots . | . . . . . . . . . . . . . . . . . . . . . . . . . . . . . . . . . . . . . . . . . . . . . . . . . . . . . . Overflow Damage 1872 | . 2 . 43 22 35 112 . . . . . . . . . . . . 22 23 78 28 72 83 80 . . . 132 57 13 . 23 86 . 150 16 192 69 21 53 134 61 . 18 . 77 11 33 73 53 . . Projectiles 1273 | . . . 21 . . . . . . . . . . . . . . . 22 23 31 11 30 13 39 . . . . 57 13 . 23 86 . 150 16 163 69 21 53 106 61 . 18 . 77 11 33 73 53 . . Explosions 115 | . 2 . . 22 28 1 . . . . . . . . . . . . . . 5 . . . . . . . . . . . . . . . . 29 . . . 28 . . . . . . . . . . . Melee 484 | . . . 22 . 7 111 . . . . . . . . . . . . . . 42 17 42 70 41 . . . 132 . . . . . . . . . . . . . . . . . . . . . . . . Knockbacks 26 | . . . . . . . . . . . . . . . . . . . . . 1 . 6 17 1 . . . . . . . . . . . . 1 . . . . . . . . . . . . . . . Impact 3 | . . . . . . . . . . . . . . . . . . . . . 1 . . 1 . . . . . . . . . . . . . 1 . . . . . . . . . . . . . . . Kinetic 20 | . . . . . . . . . . . . . . . . . . . . . . . 6 13 1 . . . . . . . . . . . . . . . . . . . . . . . . . . . . Secondary 3 | . . . . . . . . . . . . . . . . . . . . . . . . 3 . . . . . . . . . . . . . . . . . . . . . . . . . . . . . Self-Inflicted Damage 999 | . 30 . . 132 124 160 . . . . . . . . . . . . . . 32 43 . 111 . . . . . . . . . . . . 70 148 . . . 107 . . . . 42 . . . . . . Shots 30 | . 1 . . 4 4 6 . . . . . . . . . . . . . . 1 1 . 6 . . . . . . . . . . . . 1 3 . . . 2 . . . . 1 . . . . . . Rammed . | . . . . . . . . . . . . . . . . . . . . . . . . . . . . . . . . . . . . . . . . . . . . . . . . . . . . . . Targets Rammed 84 | . . . 2 . 3 . . . 2 . . . . . . . . . . . 1 . . 63 4 . . . . . . . . . . 4 . 1 . . . 2 . . . . 1 . . . . . 1 Kicked 84 | . . . 2 . 3 . . . 2 . . . . . . . . . . . 1 . . 63 4 . . . . . . . . . . 4 . 1 . . . 2 . . . . 1 . . . . . 1 Crushed . | . . . . . . . . . . . . . . . . . . . . . . . . . . . . . . . . . . . . . . . . . . . . . . . . . . . . . . Highest Temperature 453 | . 306 192 249 398 425 157 28 106 28 18 18 16 16 16 245 209 202 . 4 7 228 48 72 384 205 8 . . . . . . . 2 . 102 124 124 215 6 356 264 . . 342 . . . . 156 181 178 178 Average Temperature 94 | . 115 50 72 120 133 47 27 26 23 18 18 16 16 16 31 32 59 . 4 7 138 17 15 143 79 8 . . . . . . . 2 . 59 28 58 64 4 171 82 . . 129 . . . . 81 85 96 109 Received Heat Transfer 9046 | . 84 168 927 753 180 495 63 30 66 36 . 12 63 . 166 45 120 . 51 87 300 597 180 1498 579 201 . . 291 180 63 126 60 57 . 42 191 30 189 18 151 226 45 . . . 136 18 117 81 153 171 . Effects 31 | . . . . 10 8 . . . . . . . . . . . . . . . . . . 4 . . . . . . . . . . . . . . . . 3 . . . 6 . . . . . . . . Shutdowns 5 | . . . . 3 . . . . . . . . . . . . . . . . . . . . . . . . . . . . . . . . . . . . 1 . . . 1 . . . . . . . . Energy Bleed 3 | . . . . 2 . . . . . . . . . . . . . . . . . . . 1 . . . . . . . . . . . . . . . . . . . . . . . . . . . . . Interference 13 | . . . . . 6 . . . . . . . . . . . . . . . . . . 3 . . . . . . . . . . . . . . . . . . . . 4 . . . . . . . . Matter Decay 4 | . . . . 2 1 . . . . . . . . . . . . . . . . . . . . . . . . . . . . . . . . . . . 1 . . . . . . . . . . . . Short Circuit 5 | . . . . 2 1 . . . . . . . . . . . . . . . . . . . . . . . . . . . . . . . . . . . 1 . . . 1 . . . . . . . . Damage (minor) 1 | . . . . 1 . . . . . . . . . . . . . . . . . . . . . . . . . . . . . . . . . . . . . . . . . . . . . . . . . Siege Activations . | . . . . . . . . . . . . . . . . . . . . . . . . . . . . . . . . . . . . . . . . . . . . . . . . . . . . . . Robots Corrupted 2 | . . . . . . . . . . . . . . . . . . . . . . 2 . . . . . . . . . . . . . . . . . . . . . . . . . . . . . . . Combat Hostiles 2 | . . . . . . . . . . . . . . . . . . . . . . 2 . . . . . . . . . . . . . . . . . . . . . . . . . . . . . . . Parts Fried 15 | . . . . 2 . . . . . . . . . . . . . . . . . 3 . . . . . . . . 2 . . . . 3 . . . . . . . . . . 4 . 1 . . . . Impact Corruptions 2 | . . . . . 1 . . . . . . . . . . . . . . . . . . . . . . . . . . . . . . . . 1 . . . . . . . . . . . . . . . Robots Melted 1102 | . . . 14 1 . . 45 36 42 33 1 9 21 . 46 15 49 6 28 25 36 17 . 1 13 50 . 6 54 18 10 16 8 35 6 42 32 35 34 11 27 40 18 . 9 5 28 11 29 68 32 1 39 Combat Hostiles 929 | . . . 13 1 . . 28 30 31 29 1 9 21 . 44 14 33 6 20 24 32 17 . 1 9 50 . 6 42 18 10 16 8 28 6 28 30 25 31 9 27 33 15 . 7 5 22 10 21 51 32 1 35 Parts Melted 2092 | . 1 7 54 14 . 1 67 62 77 60 1 17 37 . 80 66 90 9 47 34 51 27 . 1 29 77 . 11 90 17 11 32 12 71 11 76 52 48 50 34 49 67 32 . 15 7 77 23 78 137 66 28 89 Heat Transferred 72035 | . 1439 1518 13727 4687 750 399 . . . . . . . . . . 1075 550 2351 1748 2301 1249 . 1321 2825 800 . . . 650 350 216 275 1100 150 2012 1037 1587 1286 350 775 1649 650 . 600 150 1509 300 1356 2000 924 11983 4386 Parts Sabotaged . | . . . . . . . . . . . . . . . . . . . . . . . . . . . . . . . . . . . . . . . . . . . . . . . . . . . . . . Parts Stolen . | . . . . . . . . . . . . . . . . . . . . . . . . . . . . . . . . . . . . . . . . . . . . . . . . . . . . . . Parts Stripped 98 | . . 98 . . . . . . . . . . . . . . . . . . . . . . . . . . . . . . . . . . . . . . . . . . . . . . . . . . . Power Chain Reactions 33 | . 2 . . 8 13 8 . . . . . . . . . . . . . . . . . 1 . . . . . . . . . . . . . . . . . . . . . . 1 . . . . . . Latent Energy Used 630 | . . . . . . . . . . . . . . . . . . . . . . 380 . 250 . . . . . . . . . . . . . . . . . . . . . . . . . . . . . LE Corruption 13 | . . . . . . . . . . . . . . . . . . . . . . 7 . 6 . . . . . . . . . . . . . . . . . . . . . . . . . . . . . Alert | -11 -10 -10 -8 -8 -8 -8 -7 -7 -7 -7 -7 -7 -7 -7 -7 -6 -6 -6 -6 -6 -6 -6 -6 -6 -6 -6 -5 -5 -5 -5 -5 -5 -4 -4 -4 -4 -4 -4 -4 -4 -4 -4 -4 -4 -4 -3 -3 -2 -2 -2 -2 -1 -1 ------- Run | Yrd Mat Sub Mat Gar Mat Gar Fac Gar Fac Gar Fac Low Low Zio Dee Pro Fac Was Fac Gar Fac Gar Fac Gar Fac Gar Fac Was Fac Upp Upp War Pro Fac Was Fac Gar Fac Gar Fac Gar Fac Gar Fac DSF Res Tes Res Qua Sec Gar Acc Com Peak Influence 2572 | . 335 . 353 1803 1223 2205 1512 1965 893 1697 946 . . . . . 433 86 673 1203 1220 1250 763 1413 760 1840 848 247 1756 . . . . 443 66 1090 2512 2143 2572 1220 1266 953 909 413 516 408 340 335 313 1087 2521 1483 938 Initial 1323 | . . . . 45 757 645 1002 809 893 546 771 . . . . . . 84 52 10 547 6 568 25 642 154 837 247 152 . . . . . 50 . 672 1142 1322 1170 6 575 58 413 257 252 17 75 163 115 693 1323 236 Average 701 | . 130 . 147 907 1020 1500 1309 1482 503 1269 809 . . . . . 120 85 228 647 662 698 575 906 575 1196 845 247 1145 . . . . 104 58 392 1832 1473 2114 219 733 238 505 413 415 285 123 167 164 759 1886 301 355 Maximum Alert Level 5 | . 1 . 1 5 4 5 4 5 3 5 3 . . . . . 2 . 2 4 4 4 3 4 3 5 3 1 5 . . . . 2 . 3 5 5 5 4 4 3 3 2 2 2 1 1 1 3 5 4 3 Low Security (%) 29 | 100 81 . 74 16 . . . . . . . . . . . . 75 100 58 15 12 10 4 8 . 3 . . 5 . . . . 74 100 38 . . . 83 8 64 26 . . 16 79 71 71 5 . 53 30 Level 1 12 | . 18 . 25 2 . . . . 27 . . . . . . . 22 . 8 19 11 3 . 9 8 1 . 100 11 . . . . 19 . 17 . . . 4 9 9 7 . 46 43 20 28 28 13 . 33 20 Level 2 17 | . . . . 9 . . . . 67 11 . . . . . . 1 . 32 23 30 41 87 3 76 12 . . 17 . . . . 6 . 22 1 . . . 27 12 37 100 53 39 . . . 14 2 2 41 Level 3 16 | . . . . 36 82 24 7 17 4 12 100 . . . . . . . . 18 39 31 7 50 14 20 100 . 3 . . . . . . 21 9 . . . 48 13 28 . . . . . . 66 6 . 7 Level 4 15 | . . . . 25 17 36 92 40 . 67 . . . . . . . . . 23 6 14 . 28 . 37 . . 41 . . . . . . . 27 73 10 12 6 . . . . . . . . . 24 10 . Level 5 9 | . . . . 9 . 38 . 41 . 8 . . . . . . . . . . . . . . . 24 . . 21 . . . . . . . 61 26 89 . . . . . . . . . . . 66 . . High Security . | . . . . . . . . . . . . . . . . . . . . . . . . . . . . . . . . . . . . . . . . . . . . . . . . . . . . . . Max Security . | . . . . . . . . . . . . . . . . . . . . . . . . . . . . . . . . . . . . . . . . . . . . . . . . . . . . . . Sterilizations 1 | . . . . . . . . . . . . . . . . . . . . . . . . . . . . . . . . . . . . . . . . . . . . . 1 . . . . . . . . Squads Dispatched 158 | . 1 . 7 . 7 . 10 . 10 . . . . . . . 6 . 5 . 7 . 3 . 9 . . . 15 . . . . 8 . 9 . 9 . 2 . 9 . . 1 1 7 1 4 12 . 6 9 Investigation 10 | . 1 . 1 . . . . . 2 . . . . . . . 1 . . . . . . . 1 . . . . . . . . . . . . . . . . . . . . . 1 . . . . . 3 Extermination 68 | . . . . . . . 3 . 2 . . . . . . . 3 . 3 . 3 . 2 . 5 . . . 5 . . . . 8 . 3 . 2 . 2 . 3 . . . . 5 . 3 6 . 5 5 Reinforcement 37 | . . . 2 . 1 . 2 . 2 . . . . . . . 2 . 2 . 1 . . . 2 . . . 3 . . . . . . 3 . 3 . . . 5 . . 1 1 1 1 1 3 . 1 . Assault 30 | . . . . . 3 . 2 . 1 . . . . . . . . . . . 3 . 1 . 1 . . . 7 . . . . . . 3 . 4 . . . 1 . . . . . . . 3 . . 1 Garrison 13 | . . . 4 . 3 . 3 . 3 . . . . . . . . . . . . . . . . . . . . . . . . . . . . . . . . . . . . . . . . . . . . Intercept . | . . . . . . . . . . . . . . . . . . . . . . . . . . . . . . . . . . . . . . . . . . . . . . . . . . . . . . Searches Triggered . | . . . . . . . . . . . . . . . . . . . . . . . . . . . . . . . . . . . . . . . . . . . . . . . . . . . . . . Construction Impeded 4 | . . . . . . . . . . . . . . . . . . . . . . . . . 1 . . . . . . . . . . 1 . . . . . 2 . . . . . . . . . . . Haulers Reinforced . | . . . . . . . . . . . . . . . . . . . . . . . . . . . . . . . . . . . . . . . . . . . . . . . . . . . . . . Active Scanning Responses . | . . . . . . . . . . . . . . . . . . . . . . . . . . . . . . . . . . . . . . . . . . . . . . . . . . . . . . Cargo Convoy Interrupts 6 | . . . . . . . 1 . 1 . . . . . . . 1 . 1 . . . . . . . . . . . . . . . . 1 . . . . . 1 . . . . . . . . . . . Stealth | -11 -10 -10 -8 -8 -8 -8 -7 -7 -7 -7 -7 -7 -7 -7 -7 -6 -6 -6 -6 -6 -6 -6 -6 -6 -6 -6 -5 -5 -5 -5 -5 -5 -4 -4 -4 -4 -4 -4 -4 -4 -4 -4 -4 -4 -4 -3 -3 -2 -2 -2 -2 -1 -1 --------- Run | Yrd Mat Sub Mat Gar Mat Gar Fac Gar Fac Gar Fac Low Low Zio Dee Pro Fac Was Fac Gar Fac Gar Fac Gar Fac Gar Fac Was Fac Upp Upp War Pro Fac Was Fac Gar Fac Gar Fac Gar Fac Gar Fac DSF Res Tes Res Qua Sec Gar Acc Com Distress Signals 72 | . . . 2 . 2 1 1 . . . . . . . . 16 . . . . 2 . 1 . 1 . . . 4 . . . 1 1 . 2 . 4 . 1 . 2 . . . . 3 6 . 7 . 3 12 Communications Jammed 5 | . . . . . . . 5 . . . . . . . . . . . . . . . . . . . . . . . . . . . . . . . . . . . . . . . . . . . . . . Distress Signals . | . . . . . . . . . . . . . . . . . . . . . . . . . . . . . . . . . . . . . . . . . . . . . . . . . . . . . . Times Spotted 1684 | . 17 49 56 56 46 58 39 27 36 37 1 12 24 . 61 16 47 4 33 29 64 41 13 55 44 51 . 3 70 26 13 16 9 36 1 44 38 45 45 13 26 54 21 . 4 5 28 23 28 74 32 59 55 Peak Tracking Total 29 | . 4 6 6 8 7 7 5 3 9 7 1 4 5 . 29 7 6 1 6 4 9 9 3 10 4 17 . 3 9 6 9 11 7 3 1 8 4 7 10 3 4 7 7 . 2 3 4 7 4 7 4 6 7 Tactical Retreats 44 | . . 2 5 5 . 5 . 1 . . . . . . 1 . 1 . 1 1 1 4 . 3 2 1 . . . 1 . . . . . 2 . 2 . . . 1 . . . . . . . 2 . 1 2 Traps | -11 -10 -10 -8 -8 -8 -8 -7 -7 -7 -7 -7 -7 -7 -7 -7 -6 -6 -6 -6 -6 -6 -6 -6 -6 -6 -6 -5 -5 -5 -5 -5 -5 -4 -4 -4 -4 -4 -4 -4 -4 -4 -4 -4 -4 -4 -3 -3 -2 -2 -2 -2 -1 -1 ------- Run | Yrd Mat Sub Mat Gar Mat Gar Fac Gar Fac Gar Fac Low Low Zio Dee Pro Fac Was Fac Gar Fac Gar Fac Gar Fac Gar Fac Was Fac Upp Upp War Pro Fac Was Fac Gar Fac Gar Fac Gar Fac Gar Fac DSF Res Tes Res Qua Sec Gar Acc Com Traps Triggered 59 | . 1 2 . 6 . 3 2 9 1 7 1 . . . . . 1 . 1 . 1 2 . . 2 2 1 . 1 . . . . 1 . . 4 . 2 . 1 1 . . . . 2 . . . 4 . 1 Indirectly 3 | . . . . . . . . . . . . . . . . . . . . . . 2 . . . . . . . . . . . . . . . . . . . . . . . . 1 . . . . . . Trap Hack Attempts . | . . . . . . . . . . . . . . . . . . . . . . . . . . . . . . . . . . . . . . . . . . . . . . . . . . . . . . Triggered . | . . . . . . . . . . . . . . . . . . . . . . . . . . . . . . . . . . . . . . . . . . . . . . . . . . . . . . Disarmed 10 | . . . . . . . . . . . . . . . . . . . . . . . . . . . . . . . . . . 6 . . . . . 4 . . . . . . . . . . . . . Reprogrammed 32 | . . . . . 2 . . . . . . . . . . . 6 . 7 . . . . . 6 . . . 1 . . . . . . . . . . 4 . . . . . . 6 . . . . . . Reused 11 | . . . . . 1 . . . . . . . . . . . 5 . . . . . . . . . . . . . . . . . . 1 . . . 3 . . . . . . 1 . . . . . . Traps Extracted . | . . . . . . . . . . . . . . . . . . . . . . . . . . . . . . . . . . . . . . . . . . . . . . . . . . . . . . Installed 6 | . . 2 . . . . . . . . . . . . . . 2 . . . . . . . . . . . . . . . . . . 2 . . . . . . . . . . . . . . . . . Triggered 21 | . 1 . . . 1 . 2 . . . . . . . . . 5 . . . . . . . . . . . . . 1 6 . . . 1 . . . 3 . . . . . . 1 . . . . . . Fabricated Traps 4 | . . . . . . . . . . . . . . . . . 4 . . . . . . . . . . . . . . . . . . . . . . . . . . . . . . . . . . . . Most Traps Carried 4 | . . 1 1 1 1 1 1 . . . . . . . . . 4 2 2 2 2 2 2 2 2 2 2 2 2 2 2 2 2 3 2 2 . . . . . . . . . . . . . . . . . Objects Rigged 1 | . . . . . . . . . . . . . . . . . . . . . . . . . . . . . . . . . . . . . . . . . . . . . . 1 . . . . . . . Machines | -11 -10 -10 -8 -8 -8 -8 -7 -7 -7 -7 -7 -7 -7 -7 -7 -6 -6 -6 -6 -6 -6 -6 -6 -6 -6 -6 -5 -5 -5 -5 -5 -5 -4 -4 -4 -4 -4 -4 -4 -4 -4 -4 -4 -4 -4 -3 -3 -2 -2 -2 -2 -1 -1 ---------- Run | Yrd Mat Sub Mat Gar Mat Gar Fac Gar Fac Gar Fac Low Low Zio Dee Pro Fac Was Fac Gar Fac Gar Fac Gar Fac Gar Fac Was Fac Upp Upp War Pro Fac Was Fac Gar Fac Gar Fac Gar Fac Gar Fac DSF Res Tes Res Qua Sec Gar Acc Com Machines Disabled 196 | . . 3 1 7 3 6 . 3 . 5 . . 1 3 2 3 2 . 1 7 1 4 . 4 1 8 . . 11 . . 1 . 9 . 5 13 7 5 . 13 9 7 . 1 . 11 . 7 15 12 2 3 Max in Single Turn 7 | . . 1 1 1 1 1 . 1 . 1 . . 1 3 1 1 1 . 1 1 1 1 . 1 . 1 . . 1 . . . . 7 . 2 2 5 1 . 2 4 2 . 1 . 5 . 1 1 2 2 2 Garrison Access 3 | . . . . . . . . . . . . . . . . . . . . . . . . . . . . . . . . . . . . 1 . 1 . . . 1 . . . . . . . . . . . Garrison Relay 51 | . . . . 5 . 4 . 2 . 4 . . . . . . . . . 5 . 3 . 3 . 4 . . . . . . . . . . 6 . 5 . 5 . 1 . . . . . . . 4 . . Phase Generator 7 | . . . . 1 . . . . . . . . . . . . . . . . . . . 1 . . . . . . . . . . . . 1 . . . 1 . 1 . . . . . . . 1 . 1 Machines Repaired 4 | . . . . . . . . . . . . . . . . . . . . . . . . . . . . . . . . . . . . 1 . . . . . 1 . . . . . . . 1 . . 1 Machines Dismantled . | . . . . . . . . . . . . . . . . . . . . . . . . . . . . . . . . . . . . . . . . . . . . . . . . . . . . . . Machines Sabotaged . | . . . . . . . . . . . . . . . . . . . . . . . . . . . . . . . . . . . . . . . . . . . . . . . . . . . . . . Overloaded Fab Kills . | . . . . . . . . . . . . . . . . . . . . . . . . . . . . . . . . . . . . . . . . . . . . . . . . . . . . . . Hacking | -11 -10 -10 -8 -8 -8 -8 -7 -7 -7 -7 -7 -7 -7 -7 -7 -6 -6 -6 -6 -6 -6 -6 -6 -6 -6 -6 -5 -5 -5 -5 -5 -5 -4 -4 -4 -4 -4 -4 -4 -4 -4 -4 -4 -4 -4 -3 -3 -2 -2 -2 -2 -1 -1 --------- Run | Yrd Mat Sub Mat Gar Mat Gar Fac Gar Fac Gar Fac Low Low Zio Dee Pro Fac Was Fac Gar Fac Gar Fac Gar Fac Gar Fac Was Fac Upp Upp War Pro Fac Was Fac Gar Fac Gar Fac Gar Fac Gar Fac DSF Res Tes Res Qua Sec Gar Acc Com Machines Accessed 266 | . 1 2 15 2 12 3 9 2 8 3 2 2 1 1 . . 18 . 10 3 15 3 7 2 12 3 1 . 12 . . 6 . 17 . 11 3 4 . 8 2 7 1 1 . 1 12 1 7 13 2 9 12 Terminals 177 | . 1 . 10 2 7 3 5 2 4 3 2 . . . . . 11 . 7 3 8 3 5 2 8 3 1 . 9 . . . . 12 . 7 3 1 . 4 2 5 1 1 . 1 7 1 4 10 2 6 11 Fabricators 18 | . . . . . . . . . . . . . . . . . 2 . 1 . 4 . 1 . 2 . . . 1 . . . . 2 . 2 . . . 1 . . . . . . 1 . . . . 1 . Repair Stations 17 | . . . 1 . 1 . 1 . 1 . . . . . . . 3 . 1 . 1 . . . 1 . . . 1 . . . . 1 . . . . . 1 . 1 . . . . 1 . . . . 1 1 Recycling Units 4 | . . . 1 . 1 . 1 . . . . . . . . . 1 . . . . . . . . . . . . . . . . . . . . . . . . . . . . . . . . . . . . Scanalyzers 23 | . . . 2 . 2 . 1 . 1 . . . . . . . 1 . . . 1 . . . . . . . 1 . . . . 2 . 1 . 1 . 1 . . . . . . 3 . 3 2 . 1 . Garrison Access 15 | . . . 1 . 1 . 1 . 2 . . . . . . . . . 1 . 1 . 1 . 1 . . . . . . . . . . 1 . 2 . 1 . 1 . . . . . . . 1 . . . Total Hacks 1836 | . 3 12 134 2 97 8 96 5 61 5 31 7 1 5 . . 158 . 152 12 118 10 87 7 98 11 5 . 170 . . 16 . 86 . 30 3 14 . 65 2 40 1 2 . 14 78 5 20 42 2 64 57 Successful 1136 | . 1 12 86 1 63 3 47 2 29 3 10 7 1 5 . . 70 . 64 3 66 3 26 2 41 4 4 . 78 . . 16 . 80 . 30 3 14 . 64 2 40 1 1 . 12 78 5 20 36 2 47 54 Failed 698 | . 2 . 48 1 34 5 49 3 32 2 21 . . . . . 88 . 87 9 52 7 61 5 57 7 1 . 92 . . . . 6 . . . . . . . . . 1 . 2 . . . 6 . 17 3 Catastrophic 155 | . . . 15 1 4 . 10 . 5 . 4 . . . . . 22 . 23 1 14 3 19 1 8 . . . 23 . . . . 1 . . . . . . . . . . . 1 . . . . . . . Database Lockouts 2 | . . . . . . . . . . . . . . . . . . . 1 . . . . . . . . . . . . . . . . . . . . 1 . . . . . . . . . . . . . Manual 560 | . 3 . 18 . 44 . 9 . 13 . 12 . . . . . 40 . 64 . 40 . 37 . 47 . 3 . 64 . . . . 15 . 12 . 2 . 40 . 18 . . . 9 7 2 4 13 . 16 28 Terminals 1259 | . 3 . 69 2 57 8 54 5 30 5 31 . . . . . 105 . 127 12 64 10 74 7 82 11 5 . 128 . . . . 69 . 20 3 5 . 49 2 37 1 2 . 14 27 5 11 21 2 53 49 Fabricators 118 | . . . . . . . . . . . . . . . . . 11 . 7 . 22 . 11 . 13 . . . 10 . . . . 9 . 7 . . . 6 . . . . . . 14 . . . . 8 . Repair Stations 134 | . . . 6 . 10 . 8 . 11 . . . . . . . 31 . 15 . 10 . . . 2 . . . 16 . . . . 2 . . . . . 6 . 2 . . . . 6 . . . . 1 8 Recycling Units 16 | . . . 5 . 1 . 7 . . . . . . . . . 3 . . . . . . . . . . . . . . . . . . . . . . . . . . . . . . . . . . . . Scanalyzers 240 | . . . 53 . 27 . 26 . 14 . . . . . . . 8 . . . 21 . . . . . . . 16 . . . . 6 . 2 . 7 . 2 . . . . . . 31 . 9 16 . 2 . Garrison Access 28 | . . . 1 . 2 . 1 . 6 . . . . . . . . . 3 . 1 . 2 . 1 . . . . . . . . . . 1 . 2 . 2 . 1 . . . . . . . 5 . . . Terminal Hacks 588 | . 1 12 17 1 23 3 17 2 9 3 8 7 1 5 . . 30 . 34 3 24 3 16 2 21 4 1 . 27 . . 16 . 59 . 14 3 4 . 39 2 32 1 1 . 9 27 5 11 11 2 35 43 Record 38 | . . 11 . . . . . . . . . 6 . . . . . . . . . . . . . . . . . . . 14 . 2 . . . . . 1 . . . . . . 1 . 1 . . 1 1 Part Schematic 57 | . . . . . . . 3 . 1 . 1 . . 5 . . 5 . 1 . 3 . . . 5 . . . 3 . . . . 14 . . . . . 5 . 1 . . . . 4 . 1 1 . 2 2 Robot Schematic 10 | . . . . . . . 2 . . . . . . . . . 1 . 1 . . . . . . . . . 1 . . . . 2 . . . . . . . . . . . . . . . 1 . 1 1 Robot Analysis 16 | . . . 1 . 1 . 1 . . . . . . . . . 2 . . . . . . . . . . . 2 . . . . 7 . 1 . . . . . . . . . . . . . . . 1 . Prototype ID Bank 60 | . . . 2 . 2 . 1 . 1 . 2 . . . . . 4 . 5 . 3 . 3 . 3 . . . 4 . . . . 5 . 3 . . . 7 . 1 . . . 1 4 1 1 2 . 2 3 Open Door 18 | . . . . 1 . 1 . . . 1 . 1 1 . . . . . . 1 . 1 . . 1 . . . . . . 2 . . . . 1 . . . . . . . . . . . . 5 1 . 1 Open DSF 1 | . . . . . . . . . . . . . . . . . . . . . . . . . . . . . . . . . . . . . . . . . . . . 1 . . . . . . . . . Level Access Points 8 | . . . . . . . 1 . . . . . . . . . . . 1 . . . 1 . . . . . . . . . . 1 . 1 . . . 1 . 1 . . . . . 1 . . . . . Branch Access Points 20 | . 1 . 1 . . . 1 . 1 . 1 . . . . . . . 1 . . . 1 . 1 . . . 1 . . . . 1 . 2 . . . 2 . 1 . . . 1 1 1 1 . . 1 . Emergency Access Points 13 | . . . . . . 1 . 1 . 1 . . . . . . . . . 1 . 1 . 1 . 1 . . . . . . . 2 . . 1 . . . . . . . . . . . . . 1 . 2 Machine Index 17 | . . . 1 . 2 . 1 . . . 1 . . . . . 1 . 1 . 1 . . . . . . . . . . . . 2 . 1 . 1 . 1 . 1 . . . 1 . . . . . 1 1 Terminal Index 8 | . . . . . . . . . 1 . . . . . . . 1 . 1 . 1 . 1 . 1 . . . 1 . . . . 1 . . . . . . . . . . . . . . . . . . . Fabricator Index 1 | . . . . . . . . . . . . . . . . . . . 1 . . . . . . . . . . . . . . . . . . . . . . . . . . . . . . . . . . Repair Station Index 3 | . . . . . . . . . 1 . . . . . . . . . . . . . 1 . . . . . 1 . . . . . . . . . . . . . . . . . . . . . . . . Scanalyzer Index 4 | . . . . . . . . . . . . . . . . . 1 . 1 . . . . . . . . . 1 . . . . 1 . . . . . . . . . . . . . . . . . . . Garrison Index 4 | . . . . . . . . . . . . . . . . . . . 1 . . . 1 . 1 . . . . . . . . 1 . . . . . . . . . . . . . . . . . . . Alert Level 35 | . . . 1 . 1 . 1 . . . . . . . . . 4 . . . 2 . 1 . 2 . . . . . . . . 3 . . . . . 1 . 5 . . . 1 3 . 2 . . 3 5 Unreport Threat 72 | . . . . . 1 . . . 2 . . . . . . . 3 . 4 . 6 . 4 . . . . . . . . . . 3 . . . . . 10 . 14 . . . 4 . . 2 . . 11 8 Locate Traps 44 | . . . 2 . 2 . 5 . . . 1 . . . . . 4 . 5 . 1 . 1 . 1 . 1 . 3 . . . . 1 . 2 . . . 3 . 1 . . . . 4 1 1 1 . 2 2 Disarm Traps 2 | . . . . . . . . . . . . . . . . . . . . . . . . . . . . . . . . . . 1 . . . . . 1 . . . . . . . . . . . . . Reprogram Traps 8 | . . . . . 1 . . . . . . . . . . . 1 . 2 . . . . . 1 . . . 1 . . . . . . . . . . 1 . . . . . . 1 . . . . . . Dispatch Records 10 | . . . . . . . . . . . . . . . . . . . . . . . . . . . . . 1 . . . . 1 . . . . . 2 . 1 . . . . 1 . . . . 3 1 Maintenance Status 1 | . . . . . . . . . . . . . . . . . . . . . . . . . . . . . . . . . . . . . . . . . . . . . . . . . . . . . 1 Security Status 3 | . . . . . 1 . . . . . . . . . . . . . . . . . . . . . . . . . . . . . . . . 1 . . . . . . . 1 . . . . . . . Patrol Status 3 | . . . . . . . . . . . . . . . . . . . . . 1 . . . . . . . . . . . . 1 . . . . . . . . . . . . . . . . . 1 . Transport Status 1 | . . . . . . . . . . . . . . . . . . . 1 . . . . . . . . . . . . . . . . . . . . . . . . . . . . . . . . . . Reinforcement Status 1 | . . . . . . . . . . . . . . . . . . . . . . . . . . . . . . . . . . . . . . . . . . . . . . . . . . . . 1 . Recall Investigation 1 | . . . . . . . . . . . . . . . . . . . . . . . . . . . . . . . . . . . . . . . . . . . . . . . 1 . . . . . . Recall Extermination 9 | . . . . . 1 . . . . . . . . . . . . . . . . . . . . . . . . . . . . 2 . . . . . . . . . . . . 2 . 1 . . 2 1 Recall Reinforcements 6 | . . . 1 . 2 . . . . . . . . . . . . . 1 . . . . . . . . . . . . . . . . . . . . . . 1 . . . . 1 . . . . . . Recall Assault 5 | . . . . . 2 . . . . . . . . . . . . . . . . . . . . . . . . . . . . . . . . . . . . 1 . . . . . . . . . . 2 Hauler Manifests 31 | . . . 4 . 1 . . . 1 . 1 . . . . . 1 . 3 . 2 . 1 . 1 . . . 3 . . . . 5 . 2 . . . 1 . 1 . . . . 2 1 . . . 1 . Registered Components 21 | . . . 1 . 2 . 1 . . . . . . . . . 1 . 2 . 1 . . . 2 . . . 2 . . . . 1 . 1 . 1 . 1 . 1 . . . . 1 . . 1 . 1 1 Registered Prototypes 21 | . . . . . 2 . . . 1 . 1 . . . . . 1 . 2 . 1 . 1 . 1 . . . 1 . . . . 1 . 1 . . . 2 . 2 . . . . 1 . 1 . . 1 1 Zone Layout 20 | . . . 3 . 2 . . . . . . . . . . . . . . . 2 . . . 1 . . . 2 . . . . 1 . . . 1 . . . . . . . . . . . . . . 8 Garrison Registry 4 | . . . . . . . . . . . . . . . . . . . . . . 1 . . . 2 . . . . . . . . . . . . . . . . 1 . . . . . . . . . . Patrol Navigation 4 | . . . . . . . . 1 . 1 . . . . . . . . . . . . . 1 . . . . . . . . . . . . . . . . 1 . . . . . . . . . . . . Security Stations 5 | . . . . . . 1 . . . . . . . . . . . . . 1 . . . . . 1 . . . . . . . . . . 1 . . . 1 . . . . . . . . . . . . Derelict Proto ID Bank 1 | . . 1 . . . . . . . . . . . . . . . . . . . . . . . . . . . . . . . . . . . . . . . . . . . . . . . . . . . Disengage Seal 2 | . . . . . . . . . . . . . . . . . . . . . . . . . . . . . . . . . . . . . . . . . . . . . . . . . . . . . 2 Fabricator Hacks 42 | . . . . . . . . . . . . . . . . . 5 . 2 . 3 . 1 . 7 . . . 3 . . . . 3 . 2 . . . 2 . . . . . . 11 . . . . 3 . Network Status 25 | . . . . . . . . . . . . . . . . . 1 . 2 . 3 . 1 . 4 . . . 3 . . . . 3 . 2 . . . 2 . . . . . . 3 . . . . 1 . Load Schematic 8 | . . . . . . . . . . . . . . . . . 2 . . . . . . . 1 . . . . . . . . . . . . . . . . . . . . . 4 . . . . 1 . Build 9 | . . . . . . . . . . . . . . . . . 2 . . . . . . . 2 . . . . . . . . . . . . . . . . . . . . . 4 . . . . 1 . Repair Station Hacks 88 | . . . 6 . 8 . 2 . 6 . . . . . . . 10 . 12 . 6 . . . 2 . . . 12 . . . . 2 . . . . . 6 . 2 . . . . 6 . . . . . 8 Scan Component 44 | . . . 3 . 4 . 1 . 3 . . . . . . . 5 . 6 . 3 . . . 1 . . . 6 . . . . 1 . . . . . 3 . 1 . . . . 3 . . . . . 4 Repair 44 | . . . 3 . 4 . 1 . 3 . . . . . . . 5 . 6 . 3 . . . 1 . . . 6 . . . . 1 . . . . . 3 . 1 . . . . 3 . . . . . 4 Recycling Unit Hacks 6 | . . . 2 . 1 . . . . . . . . . . . 3 . . . . . . . . . . . . . . . . . . . . . . . . . . . . . . . . . . . . Process 1 | . . . . . . . . . . . . . . . . . 1 . . . . . . . . . . . . . . . . . . . . . . . . . . . . . . . . . . . . Report Inventory 3 | . . . 1 . 1 . . . . . . . . . . . 1 . . . . . . . . . . . . . . . . . . . . . . . . . . . . . . . . . . . . Retrieve Matter 1 | . . . . . . . . . . . . . . . . . 1 . . . . . . . . . . . . . . . . . . . . . . . . . . . . . . . . . . . . Retrieve Components 1 | . . . 1 . . . . . . . . . . . . . . . . . . . . . . . . . . . . . . . . . . . . . . . . . . . . . . . . . . Scanalyzer 216 | . . . 52 . 19 . 23 . 9 . . . . . . . 6 . . . 20 . . . . . . . 16 . . . . 6 . 2 . 7 . 2 . . . . . . 31 . 9 12 . 2 . Insert Component 108 | . . . 24 . 9 . 9 . 5 . . . . . . . 3 . . . 7 . . . . . . . 6 . . . . 3 . 1 . 2 . 1 . . . . . . 16 . 9 12 . 1 . Analyze 108 | . . . 28 . 10 . 14 . 4 . . . . . . . 3 . . . 13 . . . . . . . 10 . . . . 3 . 1 . 5 . 1 . . . . . . 15 . . . . 1 . Garrison Access Hacks 15 | . . . 1 . 2 . 1 . 1 . . . . . . . . . 1 . 1 . 1 . 1 . . . . . . . . . . 1 . 2 . 1 . 1 . . . . . . . 1 . . . Unlock Access 14 | . . . 1 . 1 . 1 . 1 . . . . . . . . . 1 . 1 . 1 . 1 . . . . . . . . . . 1 . 2 . 1 . 1 . . . . . . . 1 . . . Coupler Status 1 | . . . . . 1 . . . . . . . . . . . . . . . . . . . . . . . . . . . . . . . . . . . . . . . . . . . . . . . . Unauthorized Hacks 181 | . . . 8 . 10 . 4 . 4 . 2 . . . . . 16 . 15 . 12 . 8 . 10 . 3 . 20 . . . . 10 . 11 . 1 . 14 . 5 . . . 3 3 . . 12 . 7 3 Terminals 110 | . . . 4 . 10 . 2 . 1 . 2 . . . . . 12 . 10 . 1 . 5 . 6 . 3 . 15 . . . . 4 . 6 . 1 . 9 . 5 . . . 3 . . . 7 . 1 3 Track 13 | . . . . . 2 . . . . . . . . . . . 1 . 1 . . . . . . . 1 . 1 . . . . . . 1 . . . 2 . 1 . . . . . . . 3 . . . Assimilate 7 | . . . . . 1 . . . . . . . . . . . . . 2 . . . . . . . . . 2 . . . . . . . . . . . . . . . . 1 . . . 1 . . . Botnet 69 | . . . 4 . 6 . 2 . 1 . 2 . . . . . 10 . 6 . 1 . 4 . 5 . 1 . 8 . . . . 4 . 3 . 1 . 4 . 2 . . . 1 . . . 1 . 1 2 Detonate 1 | . . . . . . . . . . . . . . . . . . . . . . . . . . . . . . . . . . . . . . . . . . . . . . 1 . . . . . . . Disrupt 2 | . . . . . . . . . . . . . . . . . . . . . . . . . . . . . . . . . . . . 1 . . . . . . . . . . . . . 1 . . . Operators 18 | . . . . . 1 . . . . . . . . . . . 1 . 1 . . . 1 . 1 . 1 . 4 . . . . . . 1 . . . 3 . 2 . . . . . . . 1 . . 1 Fabricators 53 | . . . . . . . . . . . . . . . . . 4 . 4 . 11 . 3 . 4 . . . 4 . . . . 6 . 5 . . . 4 . . . . . . 3 . . . . 5 . Report 10 | . . . . . . . . . . . . . . . . . 1 . 1 . 1 . 1 . 1 . . . 1 . . . . 1 . . . . . 1 . . . . . . 1 . . . . 1 . Prioritize 4 | . . . . . . . . . . . . . . . . . 1 . . . . . . . 1 . . . . . . . . . . . . . . . . . . . . . 1 . . . . 1 . Liberate 15 | . . . . . . . . . . . . . . . . . . . 1 . 4 . 1 . 1 . . . 1 . . . . 2 . 2 . . . 1 . . . . . . 1 . . . . 1 . Fabnet 13 | . . . . . . . . . . . . . . . . . 1 . 1 . 4 . . . . . . . 1 . . . . 2 . 2 . . . 1 . . . . . . . . . . . 1 . Haulers 11 | . . . . . . . . . . . . . . . . . 1 . 1 . 2 . 1 . 1 . . . 1 . . . . 1 . 1 . . . 1 . . . . . . . . . . . 1 . Repair Stations 3 | . . . . . . . . . . . . . . . . . . . 1 . . . . . . . . . 1 . . . . . . . . . . . . . . . . . . . . . . 1 . Mechanics 3 | . . . . . . . . . . . . . . . . . . . 1 . . . . . . . . . 1 . . . . . . . . . . . . . . . . . . . . . . 1 . Recycling Units 5 | . . . 3 . . . 2 . . . . . . . . . . . . . . . . . . . . . . . . . . . . . . . . . . . . . . . . . . . . . . Reject 2 | . . . 1 . . . 1 . . . . . . . . . . . . . . . . . . . . . . . . . . . . . . . . . . . . . . . . . . . . . . Recyclers 1 | . . . 1 . . . . . . . . . . . . . . . . . . . . . . . . . . . . . . . . . . . . . . . . . . . . . . . . . . Mask 2 | . . . 1 . . . 1 . . . . . . . . . . . . . . . . . . . . . . . . . . . . . . . . . . . . . . . . . . . . . . Scanalyzers 2 | . . . 1 . . . . . . . . . . . . . . . . . . . . . . . . . . . . . . . . . . . . . . . . . . . . . . 1 . . . Researchers 1 | . . . . . . . . . . . . . . . . . . . . . . . . . . . . . . . . . . . . . . . . . . . . . . . . . . 1 . . . Extract 1 | . . . 1 . . . . . . . . . . . . . . . . . . . . . . . . . . . . . . . . . . . . . . . . . . . . . . . . . . Garrison Access 8 | . . . . . . . . . 3 . . . . . . . . . . . . . . . . . . . . . . . . . . . . . . 1 . . . . . . . . . 4 . . . Broadcast 3 | . . . . . . . . . 1 . . . . . . . . . . . . . . . . . . . . . . . . . . . . . . 1 . . . . . . . . . 1 . . . Decoy 2 | . . . . . . . . . 1 . . . . . . . . . . . . . . . . . . . . . . . . . . . . . . . . . . . . . . . . 1 . . . Reprogram 1 | . . . . . . . . . 1 . . . . . . . . . . . . . . . . . . . . . . . . . . . . . . . . . . . . . . . . . . . . Intercept 1 | . . . . . . . . . . . . . . . . . . . . . . . . . . . . . . . . . . . . . . . . . . . . . . . . . . 1 . . . Watchers 1 | . . . . . . . . . . . . . . . . . . . . . . . . . . . . . . . . . . . . . . . . . . . . . . . . . . 1 . . . Data Cores Recovered 16 | . . . 2 . 1 . . . . . . . . . . . . . . . 1 . 1 . . . . . . . . . . 1 . 1 . . . . . . . . . 1 3 1 2 1 . . 1 Used 9 | . . . 2 . . . . . . . . . . . . . . . . . 1 . 1 . . . . . . . . . . 1 . . . . . . . . . . . . 1 1 . 1 . . 1 Hacking Detections 110 | . 1 . 8 1 5 . 5 . 4 . 6 . . . . . 15 . 11 1 9 1 17 1 8 1 . . 11 . . . . . . . . . . . . . . . . . . . . 4 . 1 . Full Trace Events 2 | . . . . . . . . . . . . . . . . . 1 . . . . . . . 1 . . . . . . . . . . . . . . . . . . . . . . . . . . . . Feedback Events . | . . . . . . . . . . . . . . . . . . . . . . . . . . . . . . . . . . . . . . . . . . . . . . . . . . . . . . Feedback Blocked . | . . . . . . . . . . . . . . . . . . . . . . . . . . . . . . . . . . . . . . . . . . . . . . . . . . . . . . Robot Schematics Acquired 18 | . . . . . . . 2 . . . . . . . . . 1 . 1 . . . . . . . . . 1 . . . . 2 . . . . . . . . . . . . 2 . . 7 . 1 1 Robots Built 4 | . . . . . . . . . . . . . . . . . 3 . . . . . . . 1 . . . . . . . . . . . . . . . . . . . . . . . . . . . . Authchips 1 | . . . . . . . . . . . . . . . . . 1 . . . . . . . . . . . . . . . . . . . . . . . . . . . . . . . . . . . . Time 219 | . . . . . . . . . . . . . . . . . 67 . . . . . . . 152 . . . . . . . . . . . . . . . . . . . . . . . . . . . . Total Robot Build Rating 17 | . . . . . . . . . . . . . . . . . 12 . . . . . . . 5 . . . . . . . . . . . . . . . . . . . . . . . . . . . . Part Schematics Acquired 186 | . . . 33 . 9 4 12 . 8 3 1 1 . 7 1 . 8 . 1 . 10 . . . 5 . . . 9 . . . . 17 . 1 . 2 . 6 . 1 . . . . 22 . 4 17 . 2 2 Parts Built 8 | . . . . . . . . . . . . . . . . . 1 . . . . . . . 1 . . . . . . . . . . . . . . . . . . . . . 5 . . . . 1 . Authchips 5 | . . . . . . . . . . . . . . . . . . . . . . . . . . . . . . . . . . . . . . . . . . . . . . . 4 . . . . 1 . Time 465 | . . . . . . . . . . . . . . . . . 53 . . . . . . . 58 . . . . . . . . . . . . . . . . . . . . . 329 . . . . 25 . Total Part Build Rating 52 | . . . . . . . . . . . . . . . . . 6 . . . . . . . 3 . . . . . . . . . . . . . . . . . . . . . 38 . . . . 5 . Parts Repaired 44 | . . . 3 . 4 . 1 . 3 . . . . . . . 5 . 6 . 3 . . . 1 . . . 6 . . . . 1 . . . . . 3 . 1 . . . . 3 . . . . . 4 Time 1907 | . . . 132 . 215 . 22 . 54 . . . . . . . 132 . 438 . 84 . . . 56 . . . 375 . . . . 56 . . . . . 119 . 38 . . . . 90 . . . . . 96 Parts Recycled . | . . . . . . . . . . . . . . . . . . . . . . . . . . . . . . . . . . . . . . . . . . . . . . . . . . . . . . Recycled Matter 6 | . . . . . . . . . . . . . . . . . 6 . . . . . . . . . . . . . . . . . . . . . . . . . . . . . . . . . . . . Retrieved Matter 6 | . . . . . . . . . . . . . . . . . 6 . . . . . . . . . . . . . . . . . . . . . . . . . . . . . . . . . . . . Retrieved Components 9 | . . . 9 . . . . . . . . . . . . . . . . . . . . . . . . . . . . . . . . . . . . . . . . . . . . . . . . . . Parts Scanalyzed 82 | . . . 23 . 8 . 9 . 5 . . . . . . . 3 . . . 7 . . . . . . . 6 . . . . 3 . 1 . 2 . 1 . . . . . . 13 . . . . 1 . Part Schematics Acquired 81 | . . . 23 . 8 . 9 . 4 . . . . . . . 3 . . . 7 . . . . . . . 6 . . . . 3 . 1 . 2 . 1 . . . . . . 13 . . . . 1 . Parts Damaged 11 | . . . 3 . 2 . 2 . 1 . . . . . . . . . . . 1 . . . . . . . . . . . . . . . . 1 . . . . . . . . 1 . . . . . . Bothacking | -11 -10 -10 -8 -8 -8 -8 -7 -7 -7 -7 -7 -7 -7 -7 -7 -6 -6 -6 -6 -6 -6 -6 -6 -6 -6 -6 -5 -5 -5 -5 -5 -5 -4 -4 -4 -4 -4 -4 -4 -4 -4 -4 -4 -4 -4 -3 -3 -2 -2 -2 -2 -1 -1 ------------ Run | Yrd Mat Sub Mat Gar Mat Gar Fac Gar Fac Gar Fac Low Low Zio Dee Pro Fac Was Fac Gar Fac Gar Fac Gar Fac Gar Fac Was Fac Upp Upp War Pro Fac Was Fac Gar Fac Gar Fac Gar Fac Gar Fac DSF Res Tes Res Qua Sec Gar Acc Com Used RIF Installer . | . . . . . . . . . . . . . . . . . . . . . . . . . . . . . . . . . . . . . . . . . . . . . . . . . . . . . . Robots Hacked 70 | . . . . . . . . . . . . . . . . . . . . . . . . . . . . . 8 6 3 9 2 3 . 2 5 4 6 . 4 1 4 . 1 1 1 3 1 5 . 1 . Non-combat . | . . . . . . . . . . . . . . . . . . . . . . . . . . . . . . . . . . . . . . . . . . . . . . . . . . . . . . Combat 70 | . . . . . . . . . . . . . . . . . . . . . . . . . . . . . 8 6 3 9 2 3 . 2 5 4 6 . 4 1 4 . 1 1 1 3 1 5 . 1 . Robot Hacks Applied 5 | . . . . . . . . . . . . . . . . . . . . . . . . . . . . . . . . . . . . . . . . . . . . . . . . 1 1 2 . 1 . parse_system 5 | . . . . . . . . . . . . . . . . . . . . . . . . . . . . . . . . . . . . . . . . . . . . . . . . 1 1 2 . 1 . Relay Couplers Released 225 | . . . . 19 . 16 . 9 . 16 . . . . . . . . . 21 . 14 . 13 . 13 . . . . . . . . . 6 21 2 22 . 25 1 5 . . . . . . 3 15 4 . Machine Destruction 214 | . . . . 19 . 16 . 9 . 16 . . . . . . . . . 21 . 14 . 13 . 13 . . . . . . . . . 2 21 2 22 . 25 1 5 . . . . . . . 15 . . Programmers 11 | . . . . . . . . . . . . . . . . . . . . . . . . . . . . . . . . . . . . 4 . . . . . . . . . . . . . 3 . 4 . Fabnet Peak Effective % 15 | . . . . . . . . . . . . . . . . . . . . . . . . . . . 15 15 15 15 15 15 9 9 9 9 9 9 9 9 9 9 9 9 9 15 15 5 5 5 5 . . Autooverrided 65 | . . . . . . . . . . . . . . . . . . . . . . . . . . . . . 8 6 3 9 2 3 . 2 5 4 6 . 4 1 4 . 1 1 1 2 . 3 . . . Robots Rewired 15 | . . . . . . . . . . 3 . . . . . . . . . . . 1 . . . . . . . . . . . . . . 2 . . . . . . . . . . . . . . 9 . Allies Hacked 6 | . . . . . . . . . . . . . . . . . . . . . 1 . . . . . . . 3 . . . . . . . . 1 1 . . . . . . . . . . . . . . Hacks Repelled . | . . . . . . . . . . . . . . . . . . . . . . . . . . . . . . . . . . . . . . . . . . . . . . . . . . . . . . Allies | -11 -10 -10 -8 -8 -8 -8 -7 -7 -7 -7 -7 -7 -7 -7 -7 -6 -6 -6 -6 -6 -6 -6 -6 -6 -6 -6 -5 -5 -5 -5 -5 -5 -4 -4 -4 -4 -4 -4 -4 -4 -4 -4 -4 -4 -4 -3 -3 -2 -2 -2 -2 -1 -1 -------- Run | Yrd Mat Sub Mat Gar Mat Gar Fac Gar Fac Gar Fac Low Low Zio Dee Pro Fac Was Fac Gar Fac Gar Fac Gar Fac Gar Fac Was Fac Upp Upp War Pro Fac Was Fac Gar Fac Gar Fac Gar Fac Gar Fac DSF Res Tes Res Qua Sec Gar Acc Com Total Allies 140 | . . . . . . 2 . . 1 5 3 . . . . . 3 1 3 2 3 1 3 2 1 . . 19 8 6 3 9 2 12 . 5 7 4 8 . 5 1 4 . 1 1 1 2 . 3 . 9 . Largest Group 19 | . . . . . . 2 . . 1 4 5 4 3 . . . 3 3 3 2 2 1 3 2 2 . . 19 19 2 2 3 2 3 . 3 4 3 3 2 2 2 1 . . 1 1 1 . 2 . 3 2 Highest-Rated Group 669 | . . . . . . 47 . . 32 135 141 117 93 . . . 60 71 87 80 80 148 87 157 157 . . 669 669 30 59 110 59 141 . 141 186 142 92 80 76 76 48 . . 64 47 58 . 91 . 657 438 Highest-Rated Ally 219 | . . . . . . 31 . . 32 62 31 31 31 . . . 20 31 31 51 51 148 29 95 95 . . 50 54 30 30 56 47 54 . 47 47 58 56 51 54 47 48 . . 64 47 58 . 69 . 219 219 Total Orders 6 | . . . . . . . . . . . . . . . . . . . . . . 1 . . . . . . . . . . . . . . 2 . . . . . . . . . . . . . . 2 1 STAY 5 | . . . . . . . . . . . . . . . . . . . . . . 1 . . . . . . . . . . . . . . 1 . . . . . . . . . . . . . . 2 1 FOLLOW 1 | . . . . . . . . . . . . . . . . . . . . . . . . . . . . . . . . . . . . . 1 . . . . . . . . . . . . . . . . Ally Attacks 559 | . . . . . . 19 . . 3 4 . 3 7 . . . 2 2 24 . 5 33 18 . 10 . . 2 198 9 3 17 3 32 . 25 14 26 10 14 12 4 12 . . . 2 2 . 4 . 34 6 Total Damage 17165 | . . . . . . 340 . . 42 122 . 60 80 . . . 28 20 286 . 175 818 226 . 677 . . 41 6456 87 81 569 46 934 . 747 273 521 173 139 161 198 322 . . . 41 20 . 177 . 2306 999 Kills 98 | . . . . . . 5 . . . . . . 1 . . . . . 1 . . 4 2 . 3 . . . 44 2 . 3 . 5 . 3 3 2 1 1 1 2 2 . . . 1 . . 3 . 8 1 Allies Corrupted 10 | . . . . . . . . . . . . . . . . . . . 1 . . . . . . . . . 4 . . 1 . 3 . . . . . . . . . . . . . . . . . 1 . Allies Melted 9 | . . . . . . . . . . 2 . . . . . . . . 1 . 1 . . . . . . . 1 . . 2 . 2 . . . . . . . . . . . . . . . . . . . Intel | -11 -10 -10 -8 -8 -8 -8 -7 -7 -7 -7 -7 -7 -7 -7 -7 -6 -6 -6 -6 -6 -6 -6 -6 -6 -6 -6 -5 -5 -5 -5 -5 -5 -4 -4 -4 -4 -4 -4 -4 -4 -4 -4 -4 -4 -4 -3 -3 -2 -2 -2 -2 -1 -1 ------- Run | Yrd Mat Sub Mat Gar Mat Gar Fac Gar Fac Gar Fac Low Low Zio Dee Pro Fac Was Fac Gar Fac Gar Fac Gar Fac Gar Fac Was Fac Upp Upp War Pro Fac Was Fac Gar Fac Gar Fac Gar Fac Gar Fac DSF Res Tes Res Qua Sec Gar Acc Com Robot Analysis Total 16 | . . . 1 . 1 . 1 . . . . . . . . . 2 . . . . . . . . . . . 2 . . . . 7 . 1 . . . . . . . . . . . . . . . 1 . Derelict Logs Recovered 13 | . . 1 . . . . . . . . . 1 2 2 . 2 . . . . . . . . . . . . . 2 1 . 2 . . . . . . . . . . . . . . . . . . . . Drone Launches . | . . . . . . . . . . . . . . . . . . . . . . . . . . . . . . . . . . . . . . . . . . . . . . . . . . . . . . Drone Recoveries . | . . . . . . . . . . . . . . . . . . . . . . . . . . . . . . . . . . . . . . . . . . . . . . . . . . . . . . Exploration | -11 -10 -10 -8 -8 -8 -8 -7 -7 -7 -7 -7 -7 -7 -7 -7 -6 -6 -6 -6 -6 -6 -6 -6 -6 -6 -6 -5 -5 -5 -5 -5 -5 -4 -4 -4 -4 -4 -4 -4 -4 -4 -4 -4 -4 -4 -3 -3 -2 -2 -2 -2 -1 -1 ------------- Run | Yrd Mat Sub Mat Gar Mat Gar Fac Gar Fac Gar Fac Low Low Zio Dee Pro Fac Was Fac Gar Fac Gar Fac Gar Fac Gar Fac Was Fac Upp Upp War Pro Fac Was Fac Gar Fac Gar Fac Gar Fac Gar Fac DSF Res Tes Res Qua Sec Gar Acc Com Turns Passed 86448 | 762 1090 6870 3012 2311 1775 1626 2038 1464 1753 856 187 1270 1424 1211 3508 1706 3161 179 2071 1074 2109 1061 1138 1444 3240 1336 187 344 3330 2956 1159 940 1846 3014 425 1327 1621 1194 972 840 1229 1311 466 6 718 311 2285 315 1184 2720 2082 1898 2092 Spaces Moved 46863 | 151 419 3458 1247 1056 886 960 1058 711 924 621 152 1045 1123 996 1607 821 1405 149 1029 658 1265 556 658 742 1746 788 115 231 1901 1580 768 588 841 1186 188 731 821 557 599 483 816 608 251 5 320 183 1453 227 783 1543 1231 969 1654 Core . | . . . . . . . . . . . . . . . . . . . . . . . . . . . . . . . . . . . . . . . . . . . . . . . . . . . . . . Treads 1449 | . . 1445 4 . . . . . . . . . . . . . . . . . . . . . . . . . . . . . . . . . . . . . . . . . . . . . . . . . . Legs 45030 | 151 419 1629 1243 1056 886 960 1058 711 924 621 152 1045 1123 996 1607 821 1405 149 1029 658 1265 556 658 742 1746 788 115 231 1901 1580 768 588 841 1186 188 731 821 557 599 483 816 608 251 5 320 183 1453 227 783 1543 1231 969 1654 Wheels 384 | . . 384 . . . . . . . . . . . . . . . . . . . . . . . . . . . . . . . . . . . . . . . . . . . . . . . . . . . Hover . | . . . . . . . . . . . . . . . . . . . . . . . . . . . . . . . . . . . . . . . . . . . . . . . . . . . . . . Flight . | . . . . . . . . . . . . . . . . . . . . . . . . . . . . . . . . . . . . . . . . . . . . . . . . . . . . . . Fastest Speed 40 | 120 120 110 90 180 110 105 180 180 120 120 120 120 120 120 113 203 40 86 86 140 140 140 140 140 140 140 140 140 140 140 145 145 140 140 215 145 145 145 117 117 125 122 122 140 140 140 120 120 120 120 136 47 105 Average Speed 149 | 120 120 189 179 180 127 130 180 180 171 120 120 120 120 120 163 203 183 86 139 140 140 140 140 140 140 140 140 140 140 145 145 148 214 146 215 145 169 177 127 126 132 124 123 140 140 148 123 120 121 140 151 143 105 Slowest Speed 330 | 120 120 330 180 180 185 185 180 180 190 120 120 120 120 190 203 203 310 86 140 140 140 140 140 140 140 140 140 140 140 180 145 215 215 250 215 215 215 215 175 179 133 176 140 140 140 172 173 120 175 175 180 177 105 Overloaded Moves . | . . . . . . . . . . . . . . . . . . . . . . . . . . . . . . . . . . . . . . . . . . . . . . . . . . . . . . Propulsion Burnouts . | . . . . . . . . . . . . . . . . . . . . . . . . . . . . . . . . . . . . . . . . . . . . . . . . . . . . . . Robots Hopped . | . . . . . . . . . . . . . . . . . . . . . . . . . . . . . . . . . . . . . . . . . . . . . . . . . . . . . . Cave-ins Triggered 1 | . . . . . . . . . . . . . . . 1 . . . . . . . . . . . . . . . . . . . . . . . . . . . . . . . . . . . . . . Exploration Rate (%) 65 | 17 94 97 92 95 80 94 33 86 24 93 5 97 97 86 93 86 44 97 25 88 44 75 25 85 51 87 3 95 56 99 96 90 96 42 99 23 96 23 73 18 84 19 55 . 95 9 92 14 77 65 94 25 44 Regions Visited 53 Branch Regions 14 Pre-discovered Areas 5 | . . 1 . . . . . . . . . 1 . 2 . . . . . . . . . . . . . . . . . . 1 . . . . . . . . . . . . . . . . . . . . Known Exits Taken 30 | . . . 1 . 1 . 1 . 1 . 1 1 1 1 1 1 . . 1 . 1 . 1 . 1 . . . 1 1 1 1 1 . . 1 . 1 . 1 . 1 . 1 . 1 1 1 1 1 . 1 . Unknown Exits Taken 3 | 1 1 1 . . . . . . . . . . . . . . . . . . . . . . . . . . . . . . . . . . . . . . . . . . . . . . . . . . . Scrap Searched 29 | . . 11 . . . . . . . . . 4 3 1 . 3 . . . . . . . . . . . . . 3 3 . 1 . . . . . . . . . . . . . . . . . . . . Spaces Dug 136 | . . 2 1 . . 1 . . 1 . . . 2 . 2 . 3 . 21 . 23 . 6 . . . . . 2 . 4 2 2 6 . 5 1 . . 9 . 3 . . . 1 . . 4 23 8 1 3 Terrain Destroyed 1556 | . 6 15 1 34 46 31 . . 1 . . . 2 1 50 15 39 2 39 . 35 2 8 70 5 . . . 2 9 7 10 11 33 10 44 190 117 25 20 69 69 94 . 8 4 93 3 21 53 175 8 79 Melee 8 | . . . 1 . . 1 . . 1 . . . 2 . . . 1 . . . . . . . . . . . 2 . . . . . . . . . . . . . . . . . . . . . . . . Projectile 629 | . . 15 . . . . . . . . . . . 1 50 15 13 2 39 . 16 . 8 4 5 . . . . 9 7 10 11 33 10 44 28 42 25 20 15 28 22 . 8 4 15 3 21 53 29 8 16 AOE 919 | . 6 . . 34 46 30 . . . . . . . . . . 25 . . . 19 2 . 66 . . . . . . . . . . . . 162 75 . . 54 41 72 . . . 78 . . . 146 . 63 Terrain Rammed . | . . . . . . . . . . . . . . . . . . . . . . . . . . . . . . . . . . . . . . . . . . . . . . . . . . . . . . Walls Destroyed . | . . . . . . . . . . . . . . . . . . . . . . . . . . . . . . . . . . . . . . . . . . . . . . . . . . . . . . Machines Disabled . | . . . . . . . . . . . . . . . . . . . . . . . . . . . . . . . . . . . . . . . . . . . . . . . . . . . . . . Actions | -11 -10 -10 -8 -8 -8 -8 -7 -7 -7 -7 -7 -7 -7 -7 -7 -6 -6 -6 -6 -6 -6 -6 -6 -6 -6 -6 -5 -5 -5 -5 -5 -5 -4 -4 -4 -4 -4 -4 -4 -4 -4 -4 -4 -4 -4 -3 -3 -2 -2 -2 -2 -1 -1 --------- Run | Yrd Mat Sub Mat Gar Mat Gar Fac Gar Fac Gar Fac Low Low Zio Dee Pro Fac Was Fac Gar Fac Gar Fac Gar Fac Gar Fac Was Fac Upp Upp War Pro Fac Was Fac Gar Fac Gar Fac Gar Fac Gar Fac DSF Res Tes Res Qua Sec Gar Acc Com Total 59888 | 732 934 3663 1832 1251 1512 1237 1197 881 1090 728 156 1060 1194 1011 2502 858 1910 186 1566 729 1512 714 821 958 2383 921 142 248 2521 2218 792 628 859 2391 196 883 946 668 712 679 891 1054 344 4 566 215 1859 256 901 1938 1330 1231 1878 Wait 8696 | 582 475 8 335 46 540 104 51 69 71 11 4 3 40 . 716 1 377 28 437 2 140 40 112 17 501 23 23 6 538 580 3 10 6 1116 1 47 30 56 38 160 14 334 48 . 200 11 285 . 27 203 . 98 129 Move 46806 | 150 418 3457 1246 1053 885 958 1057 710 923 620 151 1044 1122 995 1605 820 1405 148 1028 657 1264 555 657 740 1745 785 115 230 1900 1579 767 587 840 1186 187 730 820 556 598 482 815 608 250 4 319 182 1452 226 782 1542 1229 968 1654 Hop . | . . . . . . . . . . . . . . . . . . . . . . . . . . . . . . . . . . . . . . . . . . . . . . . . . . . . . . Pick Up 287 | . . 39 32 4 13 1 18 2 11 . . 1 1 2 14 2 9 1 5 1 5 . . . 4 2 1 2 8 2 1 2 . 4 . 3 . . . 4 . 4 . . 18 1 17 2 11 24 5 1 10 Fast Attach 200 | . 2 15 3 2 5 2 5 . 13 . . . 1 4 14 4 14 . 10 2 6 3 2 8 10 7 . 2 3 3 . 3 . 8 . 6 1 . 4 4 1 6 2 . 2 . 7 . . 2 5 4 5 Attach 164 | . . 5 8 7 3 7 4 . 6 . . . . . 13 1 12 1 7 . 1 2 . 3 1 1 2 . . 4 . . . 4 1 5 1 2 2 . 1 2 4 . 1 3 10 2 4 15 4 12 3 Detach 108 | . . 4 2 1 1 1 1 . 6 . . . . . 4 . 4 . 5 . . 2 . 1 1 1 . . . 5 . . . 5 . 5 1 2 1 1 2 5 3 . 1 1 9 1 3 16 2 9 2 Swap 136 | . . 4 9 13 3 10 3 4 3 2 . 3 2 . 3 1 8 . 8 3 8 3 4 3 3 1 . . 4 . . . . . . 3 1 . . . . 1 . . 1 . 6 2 4 6 . 4 3 Drop 439 | . 2 34 28 5 3 3 17 3 17 . . 1 2 4 26 6 18 1 9 2 10 2 1 1 6 7 1 2 5 16 . 6 2 25 1 15 6 2 5 8 2 14 7 . 11 8 21 13 11 22 6 18 4 Fire 2354 | . 37 81 128 109 55 41 41 42 37 58 1 8 21 6 63 21 58 7 54 61 60 31 31 105 66 60 . 6 52 29 21 20 11 43 6 61 69 48 54 20 51 76 30 . 13 9 51 10 59 106 59 102 66 Melee 339 | . . . 28 1 . 100 . 11 1 2 . . 3 . 6 2 1 . . 1 13 62 12 17 39 30 . . 9 . . . . . . . . . . . . . . . . . . . . 1 . . . Ram . | . . . . . . . . . . . . . . . . . . . . . . . . . . . . . . . . . . . . . . . . . . . . . . . . . . . . . . Kick 83 | . . . 2 . 3 . . . 2 . . . . . . . . . . . 1 . . 63 4 . . . . . . . . . . 4 . 1 . . . 1 . . . . 1 . . . . . 1 Crush . | . . . . . . . . . . . . . . . . . . . . . . . . . . . . . . . . . . . . . . . . . . . . . . . . . . . . . . Escape Stasis 142 | . . . . 10 . 10 . 40 . 25 . . . . 1 . . . . . 2 . . . 1 4 . . . . . . . . . . 14 . 10 . 5 . . . . . . . . . 20 . . Rewire 83 | . . 2 . . . . . . . 10 . . 2 . 37 . . . . . . 14 . . . . . . . . . . . . . . 3 . . . . . . . . . . . . . . 15 . Trap 6 | . . 2 . . . . . . . . . . . . . . 2 . . . . . . . . . . . . . . . . . . 2 . . . . . . . . . . . . . . . . . Miscellaneous 45 | . . 12 11 . 1 . . . . . . . . . . . 2 . 3 . 2 . 2 . 2 . . . 2 . . . . . . 2 . 1 . . . 3 . . . . . . . 1 . . 1 Route ------- -11/Scrapyard -10/Materials (discovered 6 exits: [*Mat x3] / *Min x2 / *Sub) -10/Subcaves (discovered 3 exits: *Mat x2 / [*Rec]) -8/Materials (discovered 3 exits: *Fac x2 / Gar) -8/Garrison (discovered 3 exits: *Mat x3) -8/Materials (discovered 3 exits: *Fac x2 / Gar) -8/Garrison (discovered 3 exits: *Fac x3) -7/Factory (discovered 7 exits: *Fac x4 / *Low x2 / Gar) -7/Garrison (discovered 3 exits: *Fac x3) -7/Factory (discovered 3 exits: *Low x2 / Gar) -7/Garrison (discovered 3 exits: *Fac x3) -7/Factory (discovered 2 exits: *Low x2) -7/Lower Caves -7/Lower Caves (discovered 2 exits: *Fac / *Zio) -7/Zion (discovered 2 exits: *Dee / *Pro) -7/Deep Caves -6/Proximity Caves -6/Factory (discovered 5 exits: *Fac x2 / *Low x2 / Ext) -6/Waste -6/Factory (discovered 9 exits: Fac x4 / Low x2 / Ext x2 / Gar) -6/Garrison (discovered 3 exits: *Fac x3) -6/Factory (discovered 6 exits: *Fac x2 / *Low x2 / *Ext / Gar) -6/Garrison (discovered 3 exits: *Fac x3) -6/Factory (discovered 9 exits: Fac x4 / *Low x2 / Ext x2 / Gar) -6/Garrison (discovered 3 exits: *Fac x3) -6/Factory (discovered 7 exits: *Fac x2 / Low x2 / *Ext x2 / Gar) -6/Garrison (discovered 3 exits: *Fac x3) -5/Factory -5/Waste -5/Factory (discovered 5 exits: *Fac x3 / *Upp x2) -5/Upper Caves -5/Upper Caves (discovered 2 exits: *Fac / *War) -5/Warlord -4/Proximity Caves -4/Factory (discovered 6 exits: *Res x4 / *Upp x2) -4/Waste -4/Factory (discovered 7 exits: *Res x4 / *Upp x2 / Gar) -4/Garrison (discovered 3 exits: *Fac x3) -4/Factory -4/Garrison (discovered 3 exits: *Fac x3) -4/Factory (discovered 7 exits: *Res x4 / *Upp x2 / Gar) -4/Garrison (discovered 3 exits: *Fac x3) -4/Factory (discovered 7 exits: Res x4 / Upp x2 / Gar) -4/Garrison (discovered 3 exits: *Fac x3) -4/Factory -4/DSF -3/Research (discovered 4 exits: Res / Arm / *Tes x2) -3/Testing -2/Research (discovered 5 exits: Acc x3 / *Qua x2) -2/Quarantine (discovered 2 exits: *Acc / *Sec) -2/Section 7 (discovered 2 exits: Acc / Gar) -2/Garrison (discovered 3 exits: *Acc x3) -1/Access (discovered 2 exits: [Sur] / *Com) -1/Command (discovered 2 exits: [Sur x2]) Free Derelict Territories History --------- Turn | Location | Event 1 | -11/Scrapyard | Discovered new exit (range 3) 763 | -11/Scrapyard | Entered Materials 764 | -10/Materials | Build established: Mutant 768 | -10/Materials | Discovered new exit (range 15) 904 | -10/Materials | Discovered new exit (range 4) 916 | -10/Materials | Identified exit to Mines 1086 | -10/Materials | Discovered new exit (range 3) 1229 | -10/Materials | Discovered new exit (range 13) 1846 | -10/Materials | Discovered new exit (range 5) 1853 | -10/Materials | Entered Subcaves 1931 | -10/Subcaves | A swath of the cavern ceiling suddenly collapsed 2000 | -10/Subcaves | Discovered new exit (range 7) 2262 | -10/Subcaves | Discovered new exit (range 10) 2400 | -10/Subcaves | Build established: Subdweller-Mutant 2699 | -10/Subcaves | A swath of the cavern ceiling suddenly collapsed 2719 | -10/Subcaves | Learned location of Zion (-7) 3399 | -10/Subcaves | Shifting Twisted Machinery released Sub. Power Source 3411 | -10/Subcaves | Shifting Twisted Machinery released Battle Rifle 3518 | -10/Subcaves | Shifting Twisted Machinery released Sub. Power Source 3530 | -10/Subcaves | Shifting Twisted Machinery released Sub. Optics 4873 | -10/Subcaves | Visited Clippyterm 4879 | -10/Subcaves | Learned 40 Factory zone layouts 4879 | -10/Subcaves | Learned Factory emergency access door positions 5207 | -10/Subcaves | Build established: Mutant 6555 | -10/Subcaves | Discovered new exit (range 12) 6891 | -10/Subcaves | Visited 4L-MR0's lab 7593 | -10/Subcaves | Build established: Hauler-Mutant 7867 | -10/Subcaves | Found Arachnoskeleton 8723 | -10/Subcaves | Entered Materials 8723 | -8/Materials | Evolved 4 slots: Propulsion x1, Utility x3 8732 | -8/Materials | Attached Arachnoskeleton, gained temporary slots: Propulsion x3 9334 | -8/Materials | Discovered new exit (range 15) 10059 | -8/Materials | Garrison activated, responded to threat 10362 | -8/Materials | Repaired Multitool 10419 | -8/Materials | Repaired Mak. Trap Scanner 10464 | -8/Materials | Repaired Mak. Hacking Suite 10514 | -8/Materials | Garrison activated, responded to threat 10570 | -8/Materials | Identified exit to Garrison 11075 | -8/Materials | Discovered new exit (range 5) 11735 | -8/Materials | Entered Garrison 11792 | -8/Garrison | Triggered checkpoint 11838 | -8/Garrison | Garrison Relay disabled 12024 | -8/Garrison | Triggered checkpoint 12266 | -8/Garrison | Garrison Relay disabled 12353 | -8/Garrison | Spotted B-75 Beast 12355 | -8/Garrison | Spotted B-75 Beast 12402 | -8/Garrison | Destroyed B-75 Beast 12446 | -8/Garrison | Destroyed B-75 Beast 12493 | -8/Garrison | Met a derelict Sapper fleeing the area 12497 | -8/Garrison | Phase Generator disabled 12526 | -8/Garrison | Triggered checkpoint 12550 | -8/Garrison | Triggered checkpoint 12661 | -8/Garrison | Discovered new exit (range 10) 12873 | -8/Garrison | Garrison Relay disabled 12912 | -8/Garrison | Triggered checkpoint 12926 | -8/Garrison | Triggered checkpoint 12960 | -8/Garrison | Triggered checkpoint 13194 | -8/Garrison | Discovered new exit (range 14) 13412 | -8/Garrison | Triggered checkpoint 13444 | -8/Garrison | Garrison Relay disabled 13477 | -8/Garrison | Garrison Relay disabled 13538 | -8/Garrison | Triggered checkpoint 13706 | -8/Garrison | Discovered new exit (range 5) 13731 | -8/Garrison | Core integrity fell below 50% 13776 | -8/Garrison | Triggered checkpoint 13878 | -8/Garrison | Attempted to access garrison exit controls, blocked by remote lockdown 14046 | -8/Garrison | Entered Materials 14307 | -8/Materials | Discovered new exit (range 13) 14446 | -8/Materials | First assault squad dispatched 14685 | -8/Materials | Discovered new exit (range 5) 14927 | -8/Materials | Repaired Broken Mak. Trap Scanner 14988 | -8/Materials | Repaired Broken Rnf. Deuterium Engine 15026 | -8/Materials | Repaired Field Laser 15065 | -8/Materials | Repaired Imp. Utility Shielding 15485 | -8/Materials | Garrison activated, responded to threat 15535 | -8/Materials | Identified exit to Garrison 15821 | -8/Materials | Entered Garrison 15868 | -8/Garrison | Destroyed 7 combat bots 16012 | -8/Garrison | Garrison Relay disabled 16076 | -8/Garrison | Triggered checkpoint 16083 | -8/Garrison | Rescued a captive Derelict 16118 | -8/Garrison | Triggered checkpoint 16118 | -8/Garrison | Triggered checkpoint 16138 | -8/Garrison | Triggered checkpoint 16296 | -8/Garrison | Triggered checkpoint 16360 | -8/Garrison | Triggered checkpoint 16418 | -8/Garrison | Garrison Relay disabled 16501 | -8/Garrison | Discovered new exit (range 14) 16574 | -8/Garrison | Triggered checkpoint 16669 | -8/Garrison | Spotted B-75 Beast 16697 | -8/Garrison | Core integrity fell below 20% 16736 | -8/Garrison | Destroyed B-75 Beast 16788 | -8/Garrison | Discovered new exit (range 10) 16830 | -8/Garrison | Triggered checkpoint 16867 | -8/Garrison | Garrison Relay disabled 16930 | -8/Garrison | Triggered checkpoint 17001 | -8/Garrison | Discovered new exit (range 10) 17046 | -8/Garrison | Identified exit to Factory 17080 | -8/Garrison | Triggered checkpoint 17142 | -8/Garrison | Garrison Relay disabled 17159 | -8/Garrison | Learned Factory security intel 17213 | -8/Garrison | Attempted to access garrison exit controls, blocked by remote lockdown 17447 | -8/Garrison | Entered Factory 17447 | -7/Factory | Evolved 2 slots: Utility x2 17448 | -7/Factory | Identified exit to Factory 17448 | -7/Factory | Identified exit to Lower Caves 17505 | -7/Factory | Repaired Mak. Axe 18268 | -7/Factory | Cargo convoy interrupted 18647 | -7/Factory | First assault squad dispatched 19343 | -7/Factory | Found Unknown Protection 19343 | -7/Factory | Identified Powered Armor 19483 | -7/Factory | Identified exit to Garrison 19485 | -7/Factory | Build established: Mutant 19485 | -7/Factory | Entered Garrison 19504 | -7/Garrison | Triggered checkpoint 19526 | -7/Garrison | Triggered checkpoint 19756 | -7/Garrison | Triggered checkpoint 19801 | -7/Garrison | Destroyed 13 combat bots 19841 | -7/Garrison | Discovered new exit (range 9) 20024 | -7/Garrison | Discovered new exit (range 5) 20112 | -7/Garrison | Triggered checkpoint 20246 | -7/Garrison | Triggered checkpoint 20314 | -7/Garrison | Triggered checkpoint 20337 | -7/Garrison | Garrison Relay disabled 20378 | -7/Garrison | Garrison Relay disabled 20409 | -7/Garrison | Discovered new exit (range 8) 20578 | -7/Garrison | Identified exit to Factory 20856 | -7/Garrison | Triggered checkpoint 20949 | -7/Garrison | Entered Factory 21073 | -7/Factory | Discovered exit to Lower Caves (range 8) 21281 | -7/Factory | Build established: Hacker-Mutant 22387 | -7/Factory | Cargo convoy interrupted 22455 | -7/Factory | Attached Myomer Leg, gained temporary slots: Propulsion x3 22466 | -7/Factory | Attached Broken Myomer Leg, gained temporary slots: Propulsion x2 22549 | -7/Factory | First assault squad dispatched 22606 | -7/Factory | Repaired Enh. Autogun 22626 | -7/Factory | Repaired Enh. Autogun 22644 | -7/Factory | Repaired Imp. Medium Armor Plating 22680 | -7/Factory | Destroyed 10 combat bots 22701 | -7/Factory | Identified exit to Garrison 22702 | -7/Factory | Entered Garrison 22802 | -7/Garrison | Triggered checkpoint 22861 | -7/Garrison | Triggered checkpoint 22874 | -7/Garrison | Triggered checkpoint 22896 | -7/Garrison | Destroyed 14 combat bots 22906 | -7/Garrison | Spotted B-75 Beast 22906 | -7/Garrison | Destroyed B-75 Beast 22913 | -7/Garrison | Discovered new exit (range 14) 22982 | -7/Garrison | Triggered checkpoint 23030 | -7/Garrison | Garrison Relay disabled 23047 | -7/Garrison | Garrison Relay disabled 23152 | -7/Garrison | Triggered checkpoint 23186 | -7/Garrison | Discovered new exit (range 10) 23268 | -7/Garrison | Triggered checkpoint 23273 | -7/Garrison | Garrison Relay disabled 23453 | -7/Garrison | Rescued a captive Derelict 23484 | -7/Garrison | Discovered new exit (range 12) 23498 | -7/Garrison | Garrison Relay disabled 23520 | -7/Garrison | Identified exit to Factory 23558 | -7/Garrison | Entered Factory 23558 | -7/Factory | Accompanied by 2 allies 23614 | -7/Factory | Allied Derelicts emerged from ambush trap array 23703 | -7/Factory | Discovered exit to Lower Caves (range 13) 23745 | -7/Factory | Entered Lower Caves 23745 | -7/Lower Caves | Accompanied by 4 allies 23751 | -7/Lower Caves | Met a Warlord Commander 23752 | -7/Lower Caves | Learned location of Warlord (-5) 23753 | -7/Lower Caves | Warlord Commander delivered Encrypted Comm Array 23757 | -7/Lower Caves | Found Encrypted Comm Array 23794 | -7/Lower Caves | Encountered a Warlord checkpoint 24008 | -7/Lower Caves | Attracted the attention of an 0b10 checkpoint 24073 | -7/Lower Caves | Discovered new exit (range 8) 24086 | -7/Lower Caves | Identified exit to Lower Caves 24259 | -7/Lower Caves | Ambushed by research squad 24503 | -7/Lower Caves | Learned Factory trap positions 24503 | -7/Lower Caves | Learned Research emergency access door positions 24503 | -7/Lower Caves | Learned Factory garrison access intel 25015 | -7/Lower Caves | Entered another Lower Caves area 25015 | -7/Lower Caves | Accompanied by 3 allies 25111 | -7/Lower Caves | Learned Factory garrison access intel 25111 | -7/Lower Caves | Discovered exit to Factory (range 8) 25366 | -7/Lower Caves | Attracted the attention of an 0b10 checkpoint 25413 | -7/Lower Caves | Destroyed 7 combat bots 25737 | -7/Lower Caves | Spotted B-75 Beast 25738 | -7/Lower Caves | Destroyed B-75 Beast 25861 | -7/Lower Caves | Discovered new exit (range 14) 25876 | -7/Lower Caves | Identified exit to Zion 25892 | -7/Lower Caves | Attracted the attention of an 0b10 outpost 26439 | -7/Lower Caves | Entered Zion 26544 | -7/Zion | Discovered new exit (range 12) 26557 | -7/Zion | Identified exit to Proximity Caves 26599 | -7/Zion | System corruption cleaned by Quarantine Array 26805 | -7/Zion | Found Prototype Device 26805 | -7/Zion | Identified Bomb Factory No. 2 27647 | -7/Zion | Discovered new exit (range 4) 27647 | -7/Zion | Saw the warning signs outside the Deep Caves entrance 27649 | -7/Zion | Identified exit to Deep Caves 27650 | -7/Zion | Entered Deep Caves 28021 | -7/Deep Caves | Attacked by Z-Imprinter 28026 | -7/Deep Caves | Destroyed Z-Imprinter 28329 | -7/Deep Caves | Build established: Scavenger-Mutant 28755 | -7/Deep Caves | Z-Facility disabled 28981 | -7/Deep Caves | Build established: Mutant 29119 | -7/Deep Caves | Spotted AG-59881 29142 | -7/Deep Caves | Destroyed AG-59881 29147 | -7/Deep Caves | Found GOLEM Unit 29541 | -7/Deep Caves | Discovered new exit (range 6) 29549 | -7/Deep Caves | Identified exit to Proximity Caves 29913 | -7/Deep Caves | Crushed by falling debris 29927 | -7/Deep Caves | Spotted AG-87761 29942 | -7/Deep Caves | Destroyed AG-87761 29960 | -7/Deep Caves | Attached Cold Fusion Reactor, gained temporary slot: Power 29992 | -7/Deep Caves | Found Prototype Energy Cannon 30076 | -7/Deep Caves | Found Surveybot 24 Chip 30079 | -7/Deep Caves | Found Surveybot 24 Scanner 30207 | -7/Deep Caves | Found Prototype Protection 30207 | -7/Deep Caves | Identified Zio. Weapon Casing 30366 | -7/Deep Caves | Found Prototype Device 30366 | -7/Deep Caves | Identified Zio. Metafield Generator 30383 | -7/Deep Caves | Identified Latent Energy Streamer 30460 | -7/Deep Caves | Found Prototype Protection 30460 | -7/Deep Caves | Identified Zio. Heavy Carapace 30824 | -7/Deep Caves | Triggered Deep Caves wall 30827 | -7/Deep Caves | Exposed GOLEM chamber 30853 | -7/Deep Caves | Spotted AS-36087 30867 | -7/Deep Caves | Found GOLEM Unit 30870 | -7/Deep Caves | Spotted AS-00831 30872 | -7/Deep Caves | Destroyed AS-36087 30879 | -7/Deep Caves | Destroyed AS-00831 30896 | -7/Deep Caves | Destroyed 41 combat bots 31158 | -7/Deep Caves | Entered Proximity Caves 31238 | -6/Proximity Caves | Learned Factory terminal intel 31507 | -6/Proximity Caves | Learned Factory emergency access door positions 31715 | -6/Proximity Caves | Attracted the attention of an 0b10 outpost 31757 | -6/Proximity Caves | Destroyed 7 combat bots 31862 | -6/Proximity Caves | Destroyed 7 combat bots 31892 | -6/Proximity Caves | Discovered exit to Factory (range 15) 32007 | -6/Proximity Caves | Found Prototype Launcher 32007 | -6/Proximity Caves | Identified Scatter Rocket Array 32864 | -6/Proximity Caves | Entered Factory 32864 | -6/Factory | Evolved 2 slots: Utility x2 32865 | -6/Factory | Identified exit to Lower Caves 32865 | -6/Factory | Identified exit to Extension 32866 | -6/Factory | Loaded intel: 98 trap records 32868 | -6/Factory | Loaded intel: 28 terminal locations 32869 | -6/Factory | Loaded intel: 4 garrison access locations 33039 | -6/Factory | Repaired Enh. Autogun 33055 | -6/Factory | Repaired Weapon Mount 33067 | -6/Factory | Repaired Imp. Datajack 33339 | -6/Factory | Discovered exit to Lower Caves (range 23) 33531 | -6/Factory | Discovered new exit (range 24) 33717 | -6/Factory | Discovered new exit (range 24) 33838 | -6/Factory | Repaired Mak. Kinetic Plating 34891 | -6/Factory | Fabricated B-48 Gladiator (x3) 34944 | -6/Factory | Fabricated Med. Armored Exoskeleton (x1) 35171 | -6/Factory | Repaired Myomer Leg 35943 | -6/Factory | Cargo convoy interrupted 35970 | -6/Factory | Found Prototype Device 35970 | -6/Factory | Identified Exp. ECM Suite 35973 | -6/Factory | Found Prototype Processor 35973 | -6/Factory | Identified Spectral Analyzer 36025 | -6/Factory | Sucked down chute 36025 | -6/Factory | Entered Waste 36026 | -6/Waste | Met a frightened Derelict 36037 | -6/Waste | Spotted C-40 Crusher 36038 | -6/Waste | Spotted C-40 Crusher 36038 | -6/Waste | Destroyed C-40 Crusher 36040 | -6/Waste | EMP discharged 36043 | -6/Waste | Spotted C-40 Crusher 36051 | -6/Waste | Spotted C-40 Crusher 36053 | -6/Waste | Destroyed C-40 Crusher 36060 | -6/Waste | 2 allies followed down the chute 36061 | -6/Waste | Destroyed C-40 Crusher 36090 | -6/Waste | Destroyed C-40 Crusher 36098 | -6/Waste | Spotted C-40 Crusher 36099 | -6/Waste | Destroyed C-40 Crusher 36110 | -6/Waste | Spotted C-40 Crusher 36111 | -6/Waste | Destroyed C-40 Crusher 36123 | -6/Waste | Discovered new exit (range 13) 36140 | -6/Waste | EMP discharged 36176 | -6/Waste | Identified exit to Factory 36204 | -6/Waste | Entered Factory 36204 | -6/Factory | Accompanied by 3 allies 36205 | -6/Factory | Loaded intel: 4 garrison access locations 36274 | -6/Factory | Central database locked down 36403 | -6/Factory | Spotted B-75 Beast 36460 | -6/Factory | Destroyed B-75 Beast 36555 | -6/Factory | Identified exit to Factory 36884 | -6/Factory | Cargo convoy interrupted 37394 | -6/Factory | Repaired Broken Hvy. Armored Exoskeleton 37445 | -6/Factory | Repaired Adv. Sensor Array 37489 | -6/Factory | Repaired Mak. Kinetic Plating 37569 | -6/Factory | Repaired Cld. Plasma Cannon 37660 | -6/Factory | Repaired Exp. Heat Sink 37741 | -6/Factory | Repaired Cld. Plasma Cannon 38047 | -6/Factory | Build established: Skirmisher 38274 | -6/Factory | Identified exit to Garrison 38275 | -6/Factory | Entered Garrison 38298 | -6/Garrison | Triggered checkpoint 38338 | -6/Garrison | Garrison Relay disabled 38539 | -6/Garrison | Garrison Relay disabled 38548 | -6/Garrison | Triggered checkpoint 38574 | -6/Garrison | Discovered new exit (range 11) 38586 | -6/Garrison | Identified exit to Factory 38724 | -6/Garrison | Triggered checkpoint 38741 | -6/Garrison | Learned Factory security intel 38754 | -6/Garrison | Garrison Relay disabled 38774 | -6/Garrison | Garrison Relay disabled 38811 | -6/Garrison | Discovered exit to Factory (range 22) 38900 | -6/Garrison | Triggered checkpoint 38944 | -6/Garrison | Destroyed 8 combat bots 38959 | -6/Garrison | Discovered exit to Factory (range 22) 38989 | -6/Garrison | Garrison Relay disabled 38990 | -6/Garrison | Triggered checkpoint 39074 | -6/Garrison | Triggered checkpoint 39093 | -6/Garrison | Spotted B-75 Beast 39106 | -6/Garrison | Destroyed B-75 Beast 39187 | -6/Garrison | Rescued a captive Derelict 39188 | -6/Garrison | Rescued a captive Derelict 39349 | -6/Garrison | Entered Factory 39349 | -6/Factory | Accompanied by 2 allies 39699 | -6/Factory | First assault squad dispatched 39736 | -6/Factory | Spotted B-75 Beast 39736 | -6/Factory | Destroyed B-75 Beast 39807 | -6/Factory | Discovered exit to Lower Caves (range 18) 39813 | -6/Factory | Destroyed 8 combat bots 39841 | -6/Factory | Found Quantum Capacitor 39856 | -6/Factory | Destroyed 7 combat bots 40115 | -6/Factory | Build established: Assassin 40357 | -6/Factory | Discovered exit to Lower Caves (range 17) 40418 | -6/Factory | Discovered exit to Factory (range 8) 40519 | -6/Factory | Repaired Cld. Plasma Cannon 40544 | -6/Factory | Repaired Multitool 40572 | -6/Factory | Repaired Med. Armored Exoskeleton 40878 | -6/Factory | Assembled infested ambush trap array 40944 | -6/Factory | Destroyed 16 combat bots 41131 | -6/Factory | Discovered exit to Factory (range 23) 41401 | -6/Factory | Discovered exit to Extension (range 17) 41457 | -6/Factory | Identified exit to Garrison 41458 | -6/Factory | Entered Garrison 41492 | -6/Garrison | Triggered checkpoint 41509 | -6/Garrison | Garrison Relay disabled 41578 | -6/Garrison | Triggered checkpoint 41623 | -6/Garrison | Destroyed 14 combat bots 41652 | -6/Garrison | Triggered checkpoint 41691 | -6/Garrison | Discovered new exit (range 8) 41753 | -6/Garrison | Spotted B-90 Cyclops 41794 | -6/Garrison | Rewired B-90 Cyclops 41816 | -6/Garrison | Destroyed B-90 Cyclops 41914 | -6/Garrison | Triggered checkpoint 41944 | -6/Garrison | Triggered checkpoint 41968 | -6/Garrison | Discovered new exit (range 22) 42026 | -6/Garrison | Triggered checkpoint 42061 | -6/Garrison | Garrison Relay disabled 42185 | -6/Garrison | Core integrity fell below 50% 42322 | -6/Garrison | Triggered checkpoint 42421 | -6/Garrison | Garrison Relay disabled 42468 | -6/Garrison | Discovered new exit (range 22) 42502 | -6/Garrison | Identified exit to Factory 42511 | -6/Garrison | Discovered exit to Factory (range 4) 42511 | -6/Garrison | Discovered exit to Factory (range 78) 42511 | -6/Garrison | Discovered exit to Factory (range 79) 42519 | -6/Garrison | Entered Factory 42630 | -6/Factory | Discovered exit to Lower Caves (range 9) 42660 | -6/Factory | Core integrity fell below 20% 42996 | -6/Factory | Discovered exit to Lower Caves (range 23) 43569 | -6/Factory | First assault squad dispatched 43604 | -6/Factory | Identified exit to Garrison 43657 | -6/Factory | Entered Garrison 43740 | -6/Garrison | Triggered checkpoint 43779 | -6/Garrison | Garrison Relay disabled 43832 | -6/Garrison | Triggered checkpoint 43968 | -6/Garrison | Triggered checkpoint 43995 | -6/Garrison | Destroyed 16 combat bots 44040 | -6/Garrison | Garrison Relay disabled 44110 | -6/Garrison | Garrison Relay disabled 44161 | -6/Garrison | Discovered new exit (range 14) 44240 | -6/Garrison | Phase Generator disabled 44241 | -6/Garrison | Build established: Scavenger-Skirmisher 44292 | -6/Garrison | Triggered checkpoint 44297 | -6/Garrison | Triggered checkpoint 44538 | -6/Garrison | Discovered new exit (range 10) 44564 | -6/Garrison | Triggered checkpoint 44614 | -6/Garrison | Spotted Striker 44620 | -6/Garrison | Destroyed Striker 44746 | -6/Garrison | Triggered checkpoint 44844 | -6/Garrison | Discovered new exit (range 10) 44976 | -6/Garrison | Identified exit to Factory 44977 | -6/Garrison | Attempted to access garrison exit controls, blocked by remote lockdown 45074 | -6/Garrison | Found embedded Infiltrators 45101 | -6/Garrison | Entered Factory 45101 | -6/Factory | Accompanied by 2 allies 45177 | -6/Factory | Build established: Scavenger-Assassin 45513 | -6/Factory | Discovered exit to Extension (range 6) 45788 | -6/Factory | Fabricated A-15 Conveyor (x1) 45801 | -6/Factory | First assault squad dispatched 46049 | -6/Factory | Spotted B-75 Beast 46148 | -6/Factory | Destroyed B-75 Beast 46361 | -6/Factory | Repaired Med. Armored Exoskeleton 46575 | -6/Factory | Build established: Skirmisher 46656 | -6/Factory | Discovered exit to Factory (range 12) 46686 | -6/Factory | Fabricated Enh. Autogun (x1) 47012 | -6/Factory | Discovered exit to Factory (range 13) 47632 | -6/Factory | Build established: Mutant 48339 | -6/Factory | Identified exit to Garrison 48341 | -6/Factory | Entered Garrison 48384 | -6/Garrison | Triggered checkpoint 48441 | -6/Garrison | Destroyed 18 combat bots 48484 | -6/Garrison | Discovered exit to Factory (range 11) 48524 | -6/Garrison | Triggered checkpoint 48549 | -6/Garrison | Garrison Relay disabled 48636 | -6/Garrison | Triggered checkpoint 48673 | -6/Garrison | Discovered exit to Factory (range 10) 48775 | -6/Garrison | Learned Factory security intel 48816 | -6/Garrison | Triggered checkpoint 48852 | -6/Garrison | Garrison Relay disabled 48884 | -6/Garrison | Destroyed 16 combat bots 48902 | -6/Garrison | Build established: Assassin 48994 | -6/Garrison | Triggered checkpoint 49051 | -6/Garrison | Spotted B-75 Beast 49052 | -6/Garrison | Destroyed B-75 Beast 49139 | -6/Garrison | Discovered exit to Factory (range 22) 49170 | -6/Garrison | Discovered exit to Factory (range 70) 49170 | -6/Garrison | Discovered exit to Factory (range 7) 49170 | -6/Garrison | Discovered exit to Factory (range 44) 49198 | -6/Garrison | Triggered checkpoint 49225 | -6/Garrison | Garrison Relay disabled 49350 | -6/Garrison | Triggered checkpoint 49375 | -6/Garrison | Garrison Relay disabled 49493 | -6/Garrison | Discovered exit to Factory (range 70) 49493 | -6/Garrison | Discovered exit to Factory (range 7) 49493 | -6/Garrison | Discovered exit to Factory (range 44) 49500 | -6/Garrison | Attempted to access garrison exit controls, blocked by remote lockdown 49596 | -6/Garrison | Attempted to access garrison exit controls, blocked by remote lockdown 49677 | -6/Garrison | Entered Factory 49677 | -5/Factory | Evolved 2 slots: Propulsion x1, Utility x1 49864 | -5/Factory | Sucked down chute 49864 | -5/Factory | Entered Waste 49865 | -5/Waste | Met a frightened Derelict 49877 | -5/Waste | Spotted C-40 Crusher 49885 | -5/Waste | Spotted C-40 Crusher 49885 | -5/Waste | Destroyed C-40 Crusher 49890 | -5/Waste | Destroyed C-40 Crusher 49920 | -5/Waste | Spotted C-40 Crusher 49925 | -5/Waste | Spotted C-40 Crusher 49925 | -5/Waste | Destroyed C-40 Crusher 49928 | -5/Waste | Destroyed C-40 Crusher 49930 | -5/Waste | Spotted C-40 Crusher 49931 | -5/Waste | Destroyed C-40 Crusher 49935 | -5/Waste | Spotted C-40 Crusher 49937 | -5/Waste | Destroyed C-40 Crusher 50049 | -5/Waste | Warlord forces began an assault 50180 | -5/Waste | Discovered new exit (range 12) 50201 | -5/Waste | Identified exit to Factory 50208 | -5/Waste | Entered Factory 50208 | -5/Factory | Accompanied by 19 allies 50703 | -5/Factory | Discovered new exit (range 6) 50708 | -5/Factory | Identified exit to Factory 50982 | -5/Factory | Discovered new exit (range 9) 51059 | -5/Factory | Discovered exit to Factory (range 4) 51326 | -5/Factory | P-70 Sage assimilated allied XS-30W(g) 51408 | -5/Factory | First assault squad dispatched 51409 | -5/Factory | Identified exit to Upper Caves 51573 | -5/Factory | Lost 4 allies 51657 | -5/Factory | Discovered exit to Factory (range 6) 51756 | -5/Factory | Destroyed 9 combat bots 52342 | -5/Factory | Repaired Broken Adv. Corruption Screen 52398 | -5/Factory | Repaired Med. Armored Exoskeleton 52460 | -5/Factory | Repaired Hyb. Antimatter Reactor 52505 | -5/Factory | Repaired Rnf. Deuterium Engine 52575 | -5/Factory | Repaired Hvy. Armored Exoskeleton 52626 | -5/Factory | Repaired Weapon Mount 53111 | -5/Factory | Destroyed 8 combat bots 53538 | -5/Factory | Entered Upper Caves 53858 | -5/Upper Caves | Build established: Golem 54430 | -5/Upper Caves | Ambushed by wild Derelicts 54489 | -5/Upper Caves | Attracted the attention of an 0b10 outpost 54679 | -5/Upper Caves | Learned Factory emergency access door positions 54710 | -5/Upper Caves | Learned Factory trap positions 55265 | -5/Upper Caves | Discovered new exit (range 15) 55435 | -5/Upper Caves | Identified exit to Upper Caves 56494 | -5/Upper Caves | Entered another Upper Caves area 56498 | -5/Upper Caves | Discovered exit to Factory (range 14) 56501 | -5/Upper Caves | Learned Factory stockpile data 56879 | -5/Upper Caves | Found Alien Artifact 56900 | -5/Upper Caves | Attracted the attention of an 0b10 outpost 56934 | -5/Upper Caves | Lost 3 allies 56948 | -5/Upper Caves | Destroyed 9 combat bots 57423 | -5/Upper Caves | Discovered new exit (range 15) 57651 | -5/Upper Caves | Identified exit to Warlord 57653 | -5/Upper Caves | Entered Warlord 57685 | -5/Warlord | Discovered new exit (range 16) 58002 | -5/Warlord | Met Warlord 58027 | -5/Warlord | Warlord's base attacked by MAIN.C 58252 | -5/Warlord | Found Prototype Energy Gun 58252 | -5/Warlord | Identified Vortex Rail 58377 | -5/Warlord | Warlord forces counterattacked 58481 | -5/Warlord | Opened side exit 58481 | -5/Warlord | Spotted Striker 58489 | -5/Warlord | Destroyed Striker 58535 | -5/Warlord | Spotted Executioner 58536 | -5/Warlord | Spotted Executioner 58538 | -5/Warlord | Destroyed Executioner 58542 | -5/Warlord | Destroyed Executioner 58576 | -5/Warlord | Lost 5 allies 58583 | -5/Warlord | Destroyed 11 combat bots 58591 | -5/Warlord | Identified exit to Proximity Caves 58593 | -5/Warlord | Entered Proximity Caves 58645 | -4/Proximity Caves | Attracted the attention of an 0b10 outpost 58801 | -4/Proximity Caves | Spotted B-86 Titan 58803 | -4/Proximity Caves | Destroyed B-86 Titan 59315 | -4/Proximity Caves | Learned 4 Research zone layouts 59702 | -4/Proximity Caves | Learned location of Armory (-3) 59734 | -4/Proximity Caves | Discovered exit to Factory (range 16) 60439 | -4/Proximity Caves | Entered Factory 60439 | -4/Factory | Evolved 2 slots: Power x1, Utility x1 60440 | -4/Factory | Loaded intel: 111 trap records 60828 | -4/Factory | Identified exit to Research 60875 | -4/Factory | Spotted B-86 Titan 60880 | -4/Factory | Destroyed B-86 Titan 61115 | -4/Factory | Build established: Wizard-Golem 61416 | -4/Factory | Identified exit to Upper Caves 61821 | -4/Factory | Repaired Med. Armored Exoskeleton 62270 | -4/Factory | Spotted B-86 Titan 62272 | -4/Factory | Destroyed B-86 Titan 62636 | -4/Factory | Installed Battle Cannon, added new Weapon slot 62639 | -4/Factory | Installed Battle Cannon, added new Power slot 63453 | -4/Factory | Sucked down chute 63453 | -4/Factory | Entered Waste 63468 | -4/Waste | EMP discharged 63469 | -4/Waste | Spotted C-40 Crusher 63471 | -4/Waste | Destroyed C-40 Crusher 63473 | -4/Waste | Spotted C-40 Crusher 63476 | -4/Waste | Destroyed C-40 Crusher 63531 | -4/Waste | Spotted C-40 Crusher 63533 | -4/Waste | Destroyed C-40 Crusher 63562 | -4/Waste | Spotted C-40 Crusher 63563 | -4/Waste | Destroyed C-40 Crusher 63568 | -4/Waste | EMP discharged 63593 | -4/Waste | Spotted C-40 Crusher 63594 | -4/Waste | Destroyed C-40 Crusher 63616 | -4/Waste | Spotted C-40 Crusher 63617 | -4/Waste | Destroyed C-40 Crusher 63668 | -4/Waste | EMP discharged 63668 | -4/Waste | System corruption reached 10% 63764 | -4/Waste | Discovered new exit (range 16) 63768 | -4/Waste | EMP discharged 63868 | -4/Waste | EMP discharged 63874 | -4/Waste | Identified exit to Factory 63878 | -4/Waste | Entered Factory 64004 | -4/Factory | Spotted B-86 Titan 64729 | -4/Factory | Cargo convoy interrupted 64878 | -4/Factory | First assault squad dispatched 64952 | -4/Factory | Destroyed 10 combat bots 65204 | -4/Factory | Identified exit to Garrison 65205 | -4/Factory | Entered Garrison 65271 | -4/Garrison | Garrison Relay disabled 65276 | -4/Garrison | Triggered checkpoint 65358 | -4/Garrison | Triggered checkpoint 65360 | -4/Garrison | Spotted B-86 Titan 65375 | -4/Garrison | Destroyed B-86 Titan 65378 | -4/Garrison | Triggered checkpoint 65452 | -4/Garrison | Destroyed 13 combat bots 65492 | -4/Garrison | Triggered checkpoint 65522 | -4/Garrison | Garrison Relay disabled 65558 | -4/Garrison | Discovered new exit (range 12) 65802 | -4/Garrison | Discovered new exit (range 10) 65833 | -4/Garrison | Phase Generator disabled 65866 | -4/Garrison | Triggered checkpoint 65874 | -4/Garrison | Triggered checkpoint 65900 | -4/Garrison | Garrison Relay disabled 65940 | -4/Garrison | Destroyed 7 combat bots 65985 | -4/Garrison | Garrison Relay disabled 66028 | -4/Garrison | Triggered checkpoint 66042 | -4/Garrison | Triggered checkpoint 66131 | -4/Garrison | Discovered new exit (range 15) 66146 | -4/Garrison | Spotted B-86 Titan 66150 | -4/Garrison | Destroyed B-86 Titan 66304 | -4/Garrison | Triggered checkpoint 66329 | -4/Garrison | Garrison Relay disabled 66347 | -4/Garrison | Garrison Relay disabled 66391 | -4/Garrison | Learned Factory security intel 66822 | -4/Garrison | Identified exit to Factory 66826 | -4/Garrison | Entered Factory 66826 | -4/Factory | Accompanied by 2 allies 67076 | -4/Factory | First assault squad dispatched 67160 | -4/Factory | Lost 3 allies 67258 | -4/Factory | Local machine network offline 67697 | -4/Factory | Identified exit to Garrison 67936 | -4/Factory | Destroyed 7 combat bots 68019 | -4/Factory | Identified exit to Garrison 68020 | -4/Factory | Entered Garrison 68148 | -4/Garrison | Triggered checkpoint 68148 | -4/Garrison | Destroyed 12 combat bots 68149 | -4/Garrison | Local machine network offline 68170 | -4/Garrison | Garrison Relay disabled 68231 | -4/Garrison | Spotted B-86 Titan 68237 | -4/Garrison | Destroyed B-86 Titan 68304 | -4/Garrison | Destroyed 12 combat bots 68336 | -4/Garrison | Discovered new exit (range 14) 68399 | -4/Garrison | Identified exit to Factory 68442 | -4/Garrison | Triggered checkpoint 68483 | -4/Garrison | Rescued a captive Derelict 68483 | -4/Garrison | Rescued a captive Derelict 68497 | -4/Garrison | Garrison Relay disabled 68524 | -4/Garrison | Triggered checkpoint 68611 | -4/Garrison | Discovered exit to Factory (range 10) 68636 | -4/Garrison | Triggered checkpoint 68728 | -4/Garrison | Triggered checkpoint 68782 | -4/Garrison | Triggered checkpoint 68796 | -4/Garrison | Garrison Relay disabled 68808 | -4/Garrison | Garrison Relay disabled 68868 | -4/Garrison | Discovered exit to Factory (range 12) 68992 | -4/Garrison | Entered Factory 68992 | -4/Factory | Accompanied by 2 allies 69053 | -4/Factory | Discovered exit to Upper Caves (range 13) 69087 | -4/Factory | Discovered exit to Research (range 14) 69196 | -4/Factory | Spotted B-86 Titan 69203 | -4/Factory | Destroyed B-86 Titan 69353 | -4/Factory | Repaired Hyb. Antimatter Reactor 69389 | -4/Factory | Repaired Hvy. Armored Exoskeleton 69443 | -4/Factory | Repaired Enh. Biometal Leg 69664 | -4/Factory | Central database locked down 69798 | -4/Factory | Identified exit to Garrison 69832 | -4/Factory | Entered Garrison 69882 | -4/Garrison | Triggered checkpoint 69929 | -4/Garrison | Learned Factory security intel 69940 | -4/Garrison | Garrison Relay disabled 69990 | -4/Garrison | Local machine network offline 69994 | -4/Garrison | Triggered checkpoint 70046 | -4/Garrison | Triggered checkpoint 70131 | -4/Garrison | Discovered new exit (range 11) 70143 | -4/Garrison | Rescued a captive Derelict 70176 | -4/Garrison | Triggered checkpoint 70185 | -4/Garrison | Garrison Relay disabled 70300 | -4/Garrison | Triggered checkpoint 70353 | -4/Garrison | Discovered new exit (range 10) 70364 | -4/Garrison | Identified exit to Factory 70382 | -4/Garrison | Triggered checkpoint 70397 | -4/Garrison | Garrison Relay disabled 70534 | -4/Garrison | Triggered checkpoint 70556 | -4/Garrison | Garrison Relay disabled 70597 | -4/Garrison | Phase Generator disabled 70621 | -4/Garrison | Discovered exit to Factory (range 15) 70690 | -4/Garrison | Triggered checkpoint 70739 | -4/Garrison | Garrison Relay disabled 71025 | -4/Garrison | Spotted B-86 Titan 71026 | -4/Garrison | Destroyed B-86 Titan 71061 | -4/Garrison | Entered Factory 71061 | -4/Factory | Accompanied by 1 ally 71668 | -4/Factory | Repaired Imp. Terrain Scanner 71857 | -4/Factory | Destroyed 7 combat bots 71935 | -4/Factory | Spotted B-86 Titan 71938 | -4/Factory | Destroyed B-86 Titan 72033 | -4/Factory | Cargo convoy interrupted 72077 | -4/Factory | Destroyed 8 combat bots 72201 | -4/Factory | Destroyed 7 combat bots 72329 | -4/Factory | Identified exit to Garrison 72372 | -4/Factory | Entered Garrison 72401 | -4/Garrison | Heavy support dispatched to Factory 72430 | -4/Garrison | Triggered checkpoint 72441 | -4/Garrison | Garrison Relay disabled 72468 | -4/Garrison | Discovered new exit (range 63) 72468 | -4/Garrison | Discovered new exit (range 65) 72468 | -4/Garrison | Discovered new exit (range 36) 72549 | -4/Garrison | Local machine network offline 72584 | -4/Garrison | Destroyed 15 combat bots 72665 | -4/Garrison | Heavy support dispatched to Factory 72670 | -4/Garrison | Triggered checkpoint 72730 | -4/Garrison | Phase Generator disabled 72748 | -4/Garrison | Identified exit to Factory 72756 | -4/Garrison | H-XX Assembler disabled 72788 | -4/Garrison | Build established: Wizard-Tank 72838 | -4/Garrison | Entered Factory 72844 | -4/Factory | Identified exit to DSF 72844 | -4/Factory | Entered DSF 73077 | -4/DSF | Additional patrols routed to DSF 73099 | -4/DSF | Build established: Golem 73216 | -4/DSF | Discovered exit to Research (range 14) 73235 | -4/DSF | Sterilization system engaged 73255 | -4/DSF | Ambient heat levels rising (+10) 73270 | -4/DSF | Ambient heat levels rising (+10) 73285 | -4/DSF | Ambient heat levels rising (+10) 73300 | -4/DSF | Ambient heat levels rising (+10) 73315 | -4/DSF | Ambient heat levels rising (+10) 73330 | -4/DSF | Ambient heat levels rising (+10) 73345 | -4/DSF | Ambient heat levels rising (+10) 73360 | -4/DSF | Ambient heat levels rising (+10) 73375 | -4/DSF | Ambient heat levels rising (+10) 73390 | -4/DSF | Ambient heat levels rising (+10) 73405 | -4/DSF | Ambient heat levels rising (+10) 73420 | -4/DSF | Ambient heat levels rising (+10) 73435 | -4/DSF | Ambient heat levels rising (+10) 73450 | -4/DSF | Ambient heat levels rising (+10) 73465 | -4/DSF | Ambient heat levels rising (+10) 73480 | -4/DSF | Ambient heat levels rising (+10) 73495 | -4/DSF | Ambient heat levels rising (+10) 73510 | -4/DSF | Ambient heat levels rising (+10) 73525 | -4/DSF | Ambient heat levels rising (+10) 73540 | -4/DSF | Ambient heat levels rising (+10) 73555 | -4/DSF | Ambient heat levels rising (+10) 73562 | -4/DSF | Entered Research 73562 | -3/Research | Evolved 2 slots: Utility x2 73563 | -3/Research | Identified exit to Research 73596 | -3/Research | Build established: Hauler-Golem 73798 | -3/Research | Spotted B-86 Titan 73822 | -3/Research | Identified exit to Armory 73822 | -3/Research | Identified exit to Testing 73844 | -3/Research | Local machine network offline 73873 | -3/Research | Entered Testing 73899 | -3/Testing | Discovered exit to Research (range 80) 73915 | -3/Testing | Found Prototype Energy Cannon 73947 | -3/Testing | Found Prototype Processor 73954 | -3/Testing | Identified Imp. Potential Cannon 73954 | -3/Testing | Identified Exp. Terrain Scan Processor 74027 | -3/Testing | Spotted Superbehemoth 74049 | -3/Testing | Build established: Wizard-Golem 74068 | -3/Testing | Superbehemoth self-activated to run performance analysis 74069 | -3/Testing | Destroyed Superbehemoth 74101 | -3/Testing | Spotted PD-BCB2TTPASD 74139 | -3/Testing | Found Prototype Energy Cannon 74141 | -3/Testing | Spotted Striker 74147 | -3/Testing | Destroyed Striker 74170 | -3/Testing | Spotted Striker 74171 | -3/Testing | Destroyed Striker 74238 | -3/Testing | Spotted Alpha 7 74238 | -3/Testing | Identified Cld. Nova Cannon 74251 | -3/Testing | Destroyed Alpha 7 74445 | -3/Testing | Repaired Coolant Network 74464 | -3/Testing | Repaired Mak. Trap Scanner 74501 | -3/Testing | Repaired Exp. Myomer Leg 74801 | -3/Testing | Fabricated Hyb. Antimatter Reactor (x2) 74883 | -3/Testing | Fabricated Heavy Servo Lattice (x1) 75306 | -3/Testing | Fabricated Exp. Biometal Leg (x1) 75521 | -3/Testing | Found Prototype Reactor 75521 | -3/Testing | Identified Zero-point Reactor 75534 | -3/Testing | Found Prototype Special Weapon 75534 | -3/Testing | Identified Gui. Remote Datajack 75554 | -3/Testing | Fabricated Nanosword (x1) 75665 | -3/Testing | Found Prototype Energy Gun 75740 | -3/Testing | Identified Hyp. EM Gauss Rifle 76158 | -3/Testing | Entered Research 76158 | -2/Research | Warlord forces began assault on 0b10 76158 | -2/Research | Evolved 2 slots: Utility x2 76159 | -2/Research | Discovered new exit (range 190) 76159 | -2/Research | Discovered new exit (range 167) 76160 | -2/Research | Discovered new exit (range 170) 76160 | -2/Research | Discovered new exit (range 195) 76183 | -2/Research | Distinguished unit "Smaug Mourners" dispatched to help 76183 | -2/Research | Distinguished unit "Death Star" dispatched to help 76185 | -2/Research | Identified exit to Quarantine 76185 | -2/Research | Identified exit to Access 76201 | -2/Research | Met up with Warlord 76257 | -2/Research | Lost 10 allies 76268 | -2/Research | Research machine network offline 76428 | -2/Research | Spotted Executioner 76428 | -2/Research | Destroyed Executioner 76434 | -2/Research | Spotted Executioner 76439 | -2/Research | Spotted B-90 Cyclops 76444 | -2/Research | Destroyed B-90 Cyclops 76471 | -2/Research | Lost 5 allies 76473 | -2/Research | Entered Quarantine 76474 | -2/Quarantine | Discovered exit to Access (range 79) 76474 | -2/Quarantine | Discovered new exit (range 179) 76485 | -2/Quarantine | Found Alien Artifact 76521 | -2/Quarantine | Identified Core Reset Matrix 76569 | -2/Quarantine | Found Alien Artifact 76586 | -2/Quarantine | Identified Subatomic Replicator 76769 | -2/Quarantine | Destroyed 7 combat bots 76769 | -2/Quarantine | Found Alien Artifact 76807 | -2/Quarantine | Found Alien Artifact 76811 | -2/Quarantine | Found Alien Artifact 76819 | -2/Quarantine | Found Alien Artifact 76843 | -2/Quarantine | Identified Phase Armor 76843 | -2/Quarantine | Identified Terrabomb (x3) 76843 | -2/Quarantine | Used Terrabomb 76870 | -2/Quarantine | Found Alien Artifact 77006 | -2/Quarantine | Found Alien Slashing Weapon 77073 | -2/Quarantine | Identified Phase Redirector 77073 | -2/Quarantine | Identified Sigix Broadsword 77125 | -2/Quarantine | Found Alien Impact Weapon 77181 | -2/Quarantine | Identified Core Stripper 77421 | -2/Quarantine | Spotted Fortress 77496 | -2/Quarantine | Destroyed Fortress 77522 | -2/Quarantine | Lost 3 parts (3u) 77656 | -2/Quarantine | Identified exit to Section 7 77657 | -2/Quarantine | Entered Section 7 77664 | -2/Section 7 | Discovered exit to Access (range 92) 78196 | -2/Section 7 | Destroyed 7 combat bots 78476 | -2/Section 7 | Destroyed 7 combat bots 78486 | -2/Section 7 | Spotted S7 Guard 78496 | -2/Section 7 | Found Alien Artifact 78504 | -2/Section 7 | Destroyed S7 Guard 78537 | -2/Section 7 | Spotted S7 Guard 78550 | -2/Section 7 | Destroyed S7 Guard 78568 | -2/Section 7 | Found Alien Artifact 78700 | -2/Section 7 | Found Alien Artifact 78729 | -2/Section 7 | Identified Integrated Dissipator 78729 | -2/Section 7 | Identified Core Regenerator 78729 | -2/Section 7 | Identified Integrated Thermoelectric Network 78730 | -2/Section 7 | Installed Integrated Thermoelectric Network, gained heat-energy exchange potential 78765 | -2/Section 7 | Found Alien Artifact 78793 | -2/Section 7 | Found Alien Artifact 78849 | -2/Section 7 | Identified Microwarp Drive (x2) 78923 | -2/Section 7 | Spotted Executioner 78956 | -2/Section 7 | Destroyed Executioner 78959 | -2/Section 7 | Spotted Executioner 78961 | -2/Section 7 | Destroyed Executioner 79113 | -2/Section 7 | Found Alien Artifact 79118 | -2/Section 7 | Found Alien Artifact 79160 | -2/Section 7 | Found Alien Reactor 79183 | -2/Section 7 | Found Alien Artifact 79186 | -2/Section 7 | Found Alien Artifact 79198 | -2/Section 7 | Found Terrabomb 79302 | -2/Section 7 | Identified Transdimensional Reconstructor (x4) 79302 | -2/Section 7 | Identified Matter Drive 79407 | -2/Section 7 | First assault squad dispatched 79450 | -2/Section 7 | Build established: Hauler-Golem 79463 | -2/Section 7 | Spotted B-99 Colossus 79534 | -2/Section 7 | Found Alien Artifact 79536 | -2/Section 7 | Found Alien Artifact 79538 | -2/Section 7 | Found Alien Artifact 79577 | -2/Section 7 | Found Alien Artifact 79584 | -2/Section 7 | Found Alien Artifact 79587 | -2/Section 7 | Found Alien Artifact 79832 | -2/Section 7 | Identified LRC Energy Well 79832 | -2/Section 7 | Identified LRC Inertial Stabilizer 79832 | -2/Section 7 | Identified Integrated Reactor (x3) 79832 | -2/Section 7 | Identified LRC Insulator 79838 | -2/Section 7 | Installed Integrated Reactor, increased core energy generation (+10) 79839 | -2/Section 7 | Installed Integrated Reactor, increased core energy generation (+10) 79840 | -2/Section 7 | Installed LRC Insulator, gained EM resistance (25) 79995 | -2/Section 7 | Installed Integrated Dissipator, increased core heat dissipation (+20) 79996 | -2/Section 7 | Installed Integrated Reactor, increased core energy generation (+10) 80131 | -2/Section 7 | Spotted S7 Guard 80138 | -2/Section 7 | Build established: Wizard-Golem 80140 | -2/Section 7 | Destroyed S7 Guard 80154 | -2/Section 7 | Found Alien Artifact 80258 | -2/Section 7 | Identified Core Physics Calibrator 80261 | -2/Section 7 | Installed LRC Inertial Stabilizer, increased mass support (+10) 80337 | -2/Section 7 | Found Hvy. Regenerative Plating 80375 | -2/Section 7 | Identified exit to Garrison 80377 | -2/Section 7 | Entered Garrison 80497 | -2/Garrison | Spotted B-90 Cyclops 80506 | -2/Garrison | Destroyed B-90 Cyclops 80527 | -2/Garrison | Triggered checkpoint 80548 | -2/Garrison | Destroyed 9 combat bots 80615 | -2/Garrison | Triggered checkpoint 80633 | -2/Garrison | Triggered checkpoint 80677 | -2/Garrison | Destroyed 7 combat bots 80773 | -2/Garrison | Triggered checkpoint 80854 | -2/Garrison | Garrison Relay disabled 80903 | -2/Garrison | Discovered exit to Access (range 10) 81031 | -2/Garrison | Triggered checkpoint 81071 | -2/Garrison | Triggered checkpoint 81149 | -2/Garrison | Discovered exit to Access (range 10) 81187 | -2/Garrison | Triggered checkpoint 81200 | -2/Garrison | Garrison Relay disabled 81365 | -2/Garrison | Triggered checkpoint 81396 | -2/Garrison | Discovered exit to Access (range 12) 81437 | -2/Garrison | Phase Generator disabled 81499 | -2/Garrison | Triggered checkpoint 81522 | -2/Garrison | Garrison Relay disabled 81617 | -2/Garrison | Garrison Relay disabled 81705 | -2/Garrison | Triggered checkpoint 82255 | -2/Garrison | Attempted to access garrison exit controls, blocked by remote lockdown 82322 | -2/Garrison | Build established: Hauler-Golem 82459 | -2/Garrison | Entered Access 82459 | -1/Access | Evolved 1 slot (calibrated): -Power x1, Utility x1, Weapon x1 82479 | -1/Access | Discovered new exit (range 146) 82479 | -1/Access | Discovered new exit (range 218) 82602 | -1/Access | Spotted B-99 Colossus 82662 | -1/Access | Identified exit to Command 82951 | -1/Access | Build established: Wizard-Tank 83191 | -1/Access | Spotted B-99 Colossus 83243 | -1/Access | Rewired B-99 Colossus 83443 | -1/Access | Rewired B-99 Colossus 83540 | -1/Access | Fabricated Exp. Utility Shielding (x1) 84309 | -1/Access | Spotted B-99 Colossus 84311 | -1/Access | Spotted B-99 Colossus 84324 | -1/Access | Rewired B-99 Colossus 84340 | -1/Access | Rewired B-99 Colossus 84357 | -1/Access | Entered Command 84357 | -1/Command | Accompanied by 2 allies 84619 | -1/Command | Destroyed Colossus 10c 84742 | -1/Command | Destroyed 7 combat bots 84766 | -1/Command | Repaired Enh. Quantum Rifle 84790 | -1/Command | Repaired Enh. Quantum Rifle 84814 | -1/Command | Repaired Enh. Quantum Rifle 84838 | -1/Command | Repaired Enh. Quantum Rifle 84907 | -1/Command | First assault squad dispatched 85003 | -1/Command | Destroyed 7 combat bots 85114 | -1/Command | Spotted B-99 Colossus 85118 | -1/Command | Destroyed B-99 Colossus 85224 | -1/Command | Spotted B-99 Colossus 85229 | -1/Command | Destroyed B-99 Colossus 85295 | -1/Command | Phase Generator disabled 85579 | -1/Command | Found Prototype Device 85579 | -1/Command | Identified Exp. Transmission Jammer 85787 | -1/Command | Spotted M Guard 85788 | -1/Command | Spotted M Guard 85788 | -1/Command | Spotted Combat Programmer 85788 | -1/Command | Spotted Combat Programmer 85834 | -1/Command | Destroyed M Guard 85834 | -1/Command | Destroyed Combat Programmer 85841 | -1/Command | Destroyed Combat Programmer 86193 | -1/Command | Disengaged cave seal 86193 | -1/Command | Derelicts emerged from the dark tunnel 86193 | -1/Command | Welcomed Warlord to Command 86312 | -1/Command | Disengaged cave seal 86372 | -1/Command | All MAIN.C guards destroyed 86404 | -1/Command | Met MAIN.C 86417 | -1/Command | 0b10 Conduit disabled 86418 | -1/Command | MAIN.C activated Command garrisons 86429 | -1/Command | Discovered new exit (range 49) 86429 | -1/Command | Discovered new exit (range 101) 86429 | -1/Command | Extracted map data and part IDs from MAIN.C's data core 86449 | *** | Establishing Free Derelict Territories! Last Messages --------------- 86417_ MAIN.C's core emerges from the rubble. 86417_ 0b10 Conduit disabled. 86417_ PU-RTQ(L) knocked back. MAIN.C: Okay, we do this the hard way. At our weakest we defeated an entire Sigix starship! Did you really think you could overcome the vast resources of 0b10?! You don't stand a chance against what's coming. 86418_ ALERT: All Command garrisons activated. 86419_ MAIN.C suffers critical hit (Destroy). 86421_ PU-RTQ(L) destroyed. 86424_ D2-W4C(L) knocked back. 86424_ Remote Datajack intercepted. 86425_ MAIN.C: "I hope you know you're still going to DIE HERE WITH ME!" 86425_ MAIN.C destroyed. 86429_ EXIT=FOUND 86429_ Acquired data core, extracted map data and part IDs. Warlord: Victory! Sure there's still lots to do, but without MAIN.C at the helm 0b10 doesn't stand a chance. We've got this... Map ----- +----------------------------------------------------+ | #????????????????????????????????#?#?#????# %! # | | #????????????????????????????????#?#?#????# = # | | ###########????????????????????????#?#?#????# !%=# | | #????????????????????????#?#?#????###=## | | T#????????????????????????#?#?#??????#!#? | | ######"""##????????????????????????#?#?#??????# #? | | ??####"""##????????????????????????#?#?#??????# ## | | ??#][[ =#????????????????????????#?#?#??????#=!% | | ??#]]] = =#????????????????????????#?#?#??????#### | | ??#!!! =#????????????????????????#?#?#?????????? | | ??#!!!**==#????????????????????????#?#?#?????????? | | ??#########????????????????????????#?#?#?????????? | | ???????????????????????????????????#?#?#?????????? | | ???????????????????????????????????#?#?#?????????? | | ???????????????????????????????????#?#?#?????????? | | ???????????????????????????????????#?#?#?????????? | | ???????????????????????????????????#?#?#?????????? | | ???????????????????????????????????#?#?#?????????? | | ????###########################????#?#?#?????????? | | ????#?????????????????????????#????#?#?#?????????? | | ????#?#######################?#????#?#?#?????????? | | ????#?#""""""" """" #####################? | | ????#?#"" "" #?#???????????????#?#? | | ????#?#""""" "" ###################### | | ????#?#""""""""""" / L | | ????#?#" " """ LL @ L/ L L | | ????#?#"" """""" [ L / W | | ????#?#"" """"""[!! L ################### | | ????#?# " """""" %!! L #?#???????????????# | | ????#?# " ""%!]L ################### | | ????#?# " " *%!% L ""#?#????#?#?#??????# | | ????#?#"""""""" [! """""""#?#????#?#?#??????#/// | | ????#?#"" """""""""#?#????#?#?#??????# | | ????#?# """""""""""#?#????#?#?#??????# | | ????#?# " " " " #?#????#?#?#??????# ] | | ####### " " " " #?#????#?#?#??????# ] | | " " " """" " #?#????#?#?#??????# | | """ " " """" #?#????#?#?#??????# | | " " " " #?#????#?#?#??????#### | | ####### """""""""" " #?#????#?#?#?????????? | | ????#?# " """ " """"""""#?#????#?#?#?????????? | | ????#?# """ " " " #?#????#?#?#?????????? | | ????#?#######################?#????#?#?#?????????? | | ????#?????????????????????????#????#?#?#?????????? | | ????###########################????#?#?#?????????? | | ???????????????????????????????????#?#?#?????????? | | ???????????????????????????????????#?#?#?????????? | | ???????????????????????????????????#?#?#?????????? | | ???????????????????????????????????#?#?#?????????? | | ???????????????????????????????????#?#?#?????????? | +----------------------------------------------------+ Best States ------------- Heat Dissipation 133 Energy Generation 83 Energy Capacity 3100 Matter Stores 5563 Matter Capacity 300 Sight Range 24 Robot Scan Range 16 Terrain Scan Range 1000 Terrain Scan Density 30010 Jamming Range 50 Additional Mass Support 20 Corruption Block 15 Armor Coverage 800 Resistance: KI 100 Resistance: TH 100 Resistance: EX 100 Resistance: EM 100 Resistance: I 100 Resistance: S 100 Resistance: P 100 Utility Shielding 100 Weapon Shielding 100 Phase Shifting 8 Evasion (%) 67 Targeting Accuracy 28 Core Analysis 8 Armor Integrity Analysis 30 Recoil Reduction 2 Energy Filtering 30 Offensive Hacking 210 Authchip Count 13 Trap Extractor Capacity 6 Item Schematics ----------------- Mak. Axe | -8/Materials | Scanalyzed Barrage Gun | -8/Materials | Scanalyzed Deuterium Engine | -8/Materials | Scanalyzed Hvy. EM Shotgun | -8/Materials | Scanalyzed Field Laser | -8/Materials | Scanalyzed Mak. Hacking Suite | -8/Materials | Scanalyzed Mak. Kinetic Plating | -8/Materials | Scanalyzed Sub. Laser | -8/Materials | Scanalyzed Hrd. Light Armor Plating | -8/Materials | Scanalyzed Hrd. Medium Armor Plating | -8/Materials | Scanalyzed Multitool | -8/Materials | Scanalyzed Adv. Beam Rifle | -8/Materials | Scanalyzed Mak. Shrapnel Gun | -8/Materials | Scanalyzed Imp. Signal Interpreter | -8/Materials | Scanalyzed Imp. Utility Shielding | -8/Materials | Scanalyzed Imp. Weapon Shielding | -8/Materials | Scanalyzed Cld. Ion Engine | -8/Materials | Scanalyzed Imp. Assault Rifle | -8/Materials | Scanalyzed Wheel | -8/Materials | Extracted Lrg. Storage Unit | -8/Materials | Extracted Recoil Stabilizer | -8/Materials | Extracted Disposable Heat Sink | -8/Materials | Extracted Com. Matter Pod | -8/Materials | Extracted Hvy. Hammer | -8/Materials | Extracted Hcp. Storage Unit | -8/Materials | Extracted Hacking Suite | -8/Materials | Extracted Imp. Ion Engine | -8/Materials | Extracted Shock Rifle | -8/Materials | Extracted Armor Integrity Analyzer | -8/Materials | Scanalyzed Concussive RPG | -8/Materials | Scanalyzed Enh. Autogun | -8/Materials | Scanalyzed Hvy. Ion Engine | -8/Materials | Scanalyzed Imp. Trap Extractor | -8/Materials | Scanalyzed Imp. Cooling System | -8/Materials | Scanalyzed Rnf. Deuterium Engine | -8/Materials | Scanalyzed Adv. Drone Bay | -8/Materials | Scanalyzed Imp. Medium Armor Plating | -8/Materials | Scanalyzed Hvy. Particle Gun | -8/Materials | Scanalyzed Imp. Sensor Array | -8/Materials | Scanalyzed Mak. Trap Scanner | -8/Materials | Scanalyzed Prc. Beam Rifle | -8/Materials | Scanalyzed Mak. Laser | -8/Materials | Extrapolated Mak. Leg | -8/Garrison | Extrapolated Battle Rifle | -8/Garrison | Extrapolated Mak. Thermal Plating | -8/Garrison | Extrapolated Mak. Ablative Armor | -8/Garrison | Extrapolated Adv. Heat Sink | -7/Factory | Hacked Linear Gravjet | -7/Factory | Hacked Chainsword | -7/Factory | Scanalyzed Imp. Propulsion Shielding | -7/Factory | Scanalyzed Transmission Jammer | -7/Factory | Scanalyzed Adv. Targeting Computer | -7/Factory | Scanalyzed Impact Mace | -7/Factory | Scanalyzed Hvy. Deuterium Engine | -7/Factory | Scanalyzed Prc. Assault Rifle | -7/Factory | Scanalyzed Cld. Pulse Rifle | -7/Factory | Scanalyzed Aerolev Unit | -7/Factory | Scanalyzed Hpw. Shock Rifle | -7/Factory | Hacked Imp. Carbon-fiber Leg | -7/Factory | Scanalyzed Myomer Leg | -7/Factory | Scanalyzed Powered Armor | -7/Factory | Scanalyzed Coolant Injector | -7/Factory | Scanalyzed 0b10 Decoder Chip [Generic] | -7/Factory | Extrapolated Adv. ECM Suite | -7/Factory | Hacked 0b10 Decoder Chip [Scout] | -7/Factory | Extrapolated 0b10 Decoder Chip [Skirmisher] | -7/Factory | Extrapolated Mak. Light Armor Plating | -7/Garrison | Extrapolated Beamcaster | -7/Garrison | Extrapolated Ripper | -7/Garrison | Extrapolated Weapon Cycler | -7/Factory | Hacked Hvy. Battle Rifle | -7/Lower Caves | Extrapolated Spk. Treads | -7/Zion | Extrapolated Spk. Medium Treads | -7/Zion | Extrapolated Riot Gun | -7/Zion | Free Slug Cannon | -7/Zion | Free Flamer | -7/Zion | Free Enh. Flamer | -7/Zion | Free Tactical Coordination Suite | -7/Zion | Free Mak. Terrain Scanner | -7/Deep Caves | Extrapolated Adv. Trap Extractor | -6/Factory | Hacked Exp. Utility Shielding | -6/Factory | Hacked Adv. System Restoration Module | -6/Factory | Hacked Med. Armored Exoskeleton | -6/Factory | Hacked Exp. Heat Sink | -6/Factory | Scanalyzed Scatter Rocket Array | -6/Factory | Scanalyzed Imp. Datajack | -6/Factory | Scanalyzed Adv. Plasma Cannon | -6/Factory | Hacked Adv. Trap Scanner | -6/Factory | Hacked Dispersion Rifle | -6/Factory | Hacked Triangulator | -6/Factory | Hacked Hvy. Armored Exoskeleton | -6/Factory | Scanalyzed Exp. Cooling System | -6/Factory | Scanalyzed Imp. Hacking Suite | -6/Factory | Scanalyzed Ionic Axe | -6/Factory | Scanalyzed Matter Compressor | -6/Factory | Scanalyzed Quantum Capacitor | -6/Factory | Scanalyzed Lrn. Tractor Beam | -6/Factory | Scanalyzed Imp. Transmission Jammer | -6/Factory | Hacked Rnf. Antimatter Reactor | -6/Factory | Hacked Thermic Laser | -6/Factory | Hacked Plasma Rifle | -6/Factory | Hacked Hvy. Phase Cannon | -6/Factory | Hacked Nanoactuators | -6/Factory | Hacked Adv. Transmission Jammer | -5/Factory | Hacked Adv. Corruption Screen | -5/Factory | Scanalyzed Hyb. Antimatter Reactor | -5/Factory | Scanalyzed Mic. Antimatter Reactor | -5/Factory | Scanalyzed Cold Fusion Reactor | -5/Factory | Scanalyzed KE Penetrator | -5/Factory | Scanalyzed Imp. Arc Projector | -5/Factory | Scanalyzed Heavy Servo Lattice | -5/Factory | Hacked Energy Well | -5/Factory | Hacked Centrium Leg | -4/Factory | Hacked Biometal Leg | -4/Factory | Hacked Field Propulsion Array | -4/Factory | Hacked Hdn. Centrium Leg | -4/Factory | Hacked Adv. Powered Armor | -4/Factory | Hacked Enh. Biometal Leg | -4/Factory | Scanalyzed Weapon Mount | -4/Factory | Scanalyzed Hvy. Dispersion Rifle | -4/Factory | Hacked Adv. Signal Interpreter | -4/Factory | Scanalyzed Adv. Datajack | -4/Factory | Hacked Quantum Rifle | -4/Factory | Hacked Enh. Nova Cannon | -4/Factory | Hacked Cmb. Linear Gravjet | -4/Factory | Hacked Imp. Heavy Siege Treads | -4/Factory | Hacked Adv. Thermal Shield | -4/Factory | Hacked Adv. Power Amplifier | -4/Factory | Hacked Impulse Thruster | -4/Factory | Hacked Adv. Energy Well | -4/Factory | Scanalyzed Exp. Energy Well | -4/Factory | Scanalyzed Imp. Terrain Scanner | -4/Factory | Scanalyzed Adv. Heavy Siege Treads | -4/Factory | Hacked Adv. Force Field | -4/Factory | Hacked Hvy. Gauss Cannon | -4/Factory | Hacked Lgt. Quantum Reactor | -4/Factory | Hacked Imp. Linear Gravjet | -4/Factory | Hacked Imp. Particle Charger | -4/Factory | Scanalyzed Nova Cannon | -4/Factory | Hacked Coolant Network | -3/Testing | Scanalyzed Energy Filter | -3/Testing | Scanalyzed Cld. Fission Core | -3/Testing | Scanalyzed Exp. Terrain Scan Processor | -3/Testing | Scanalyzed Com. Particle Reactor | -3/Testing | Scanalyzed Exp. Myomer Leg | -3/Testing | Scanalyzed Exp. Signal Interpreter | -3/Testing | Archive Cld. Proton Cannon | -3/Testing | Scanalyzed Hvy. Neutron Cannon | -3/Testing | Scanalyzed Quantum Reactor | -3/Testing | Hacked Prc. Matter Filter | -3/Testing | Scanalyzed Prc. Phase Gun | -3/Testing | Scanalyzed Gravity Neutralizer | -3/Testing | Archive Cld. Nuclear Pulse Thruster | -3/Testing | Archive Shock Maul | -3/Testing | Archive Diametric Drive | -3/Testing | Archive Exp. Biometal Leg | -3/Testing | Scanalyzed Exp. Power Amplifier | -3/Testing | Hacked Nanosword | -3/Testing | Hacked Quantum Shading Machine | -3/Testing | Scanalyzed Zero-point Reactor | -3/Testing | Scanalyzed Antimissile System | -3/Testing | Hacked Biometal Heavy Treads | -2/Quarantine | Hacked Spectral Analyzer | -2/Quarantine | Archive Exp. Shock Absorption System | -2/Quarantine | Archive Imp. Diametric Drive | -2/Quarantine | Archive Imp. Quantum Reactor | -2/Section 7 | Archive Exp. Core Analyzer | -2/Section 7 | Archive Gravity Flail | -2/Section 7 | Archive Exp. Biometal Heavy Treads | -2/Section 7 | Hacked Cld. Q-thruster | -2/Section 7 | Archive Exp. Terrain Scanner | -2/Section 7 | Archive Centrium Heavy Armor Plating | -2/Section 7 | Archive Exp. Force Field | -2/Section 7 | Archive Exp. Reaction Control System | -2/Section 7 | Archive Lgt. Antimatter Cannon | -2/Section 7 | Archive Exp. Optical Array | -2/Section 7 | Archive Imp. KE Penetrator | -2/Section 7 | Archive Ragnarok Missile Launcher | -2/Section 7 | Archive Cld. Antigrav System | -2/Section 7 | Archive Adv. KE Penetrator | -2/Section 7 | Archive Com. Mass Driver | -2/Section 7 | Archive Hvy. Proton Missile Launcher | -2/Section 7 | Archive Exp. Q-thruster | -1/Access | Hacked Enh. Quantum Rifle | -1/Access | Scanalyzed Adv. Cloaking Device | -1/Command | Hacked Cld. Linear Gravjet | -1/Command | Hacked Robot Schematics ------------------ K-01 Serf | -7/Factory | Hacked A-02 Transporter | -7/Factory | Hacked B-48 Gladiator | -6/Factory | Hacked H-66 Slayer | -6/Factory | Hacked T-07 Excavator | -5/Factory | Hacked A-27 Freighter | -4/Factory | Hacked B-60 Warrior | -4/Factory | Hacked L-61 Swordsman | -3/Testing | Archive A-15 Conveyor | -3/Testing | Archive S-43 Plague | -2/Section 7 | Hacked G-73 Enforcer | -2/Section 7 | Archive C-65 Expert | -2/Section 7 | Archive R-06 Scavenger | -2/Section 7 | Archive H-77 Assassin | -2/Section 7 | Archive M-30 Cleanser | -2/Section 7 | Archive C-55 Analyst | -2/Section 7 | Archive H-88 Terminator | -1/Access | Hacked B-74 Champion | -1/Command | Hacked Fabricated ------------ B-48 Gladiator | x3 | -6/Factory | Authchip Med. Armored Exoskeleton | x1 | -6/Factory A-15 Conveyor | x1 | -6/Factory | Preloaded Enh. Autogun | x1 | -6/Factory Hyb. Antimatter Reactor | x2 | -3/Testing | Authchip Heavy Servo Lattice | x1 | -3/Testing | Authchip Exp. Biometal Leg | x1 | -3/Testing | Authchip Nanosword | x1 | -3/Testing | Authchip Exp. Utility Shielding | x1 | -1/Access | Authchip Alien Tech Used ----------------- Terrabomb Integrated Thermoelectric Network Phase Armor Integrated Reactor LRC Insulator Integrated Dissipator LRC Inertial Stabilizer Core Physics Calibrator Achievements -------------- None Challenges ------------ None Game ------ Seed CoreFieldChip Manual? 0 Play Time 14:11:10 Cumulative 579.0 hours Start 2024.02.29 @ 00:44:09 End 2024.04.13 @ 23:02:30 Sessions 9 Manual Loads 0 Difficulty Adventurer Special Mode None Game No. 111 Rogue 63 Adventurer 48 Explorer 0 Win Type 7 Total 24 Types 6/3/1/6/1/1/1/3/2 Lore% 85 Gallery% 92 Achievement% 80 Wizard Run 0 Options --------- Layout 0 ASCII 0 Keyboard 0 Movement Numpad Keybinds 0 Fullscreen 2 Font 18/X11 Map View 76x50 Zoom Use 0% Tactical HUD 1 Map Filters NONE Filters NONE Steam 1 RUN: 20dfd951-87b7-4d82-afda-e60598f9c548